Workbook
Name AssmAccounting: Assumptions!$H$15
Name AssmBankFees: Assumptions!$H$17
Name AssmBusinessCase: Assumptions!$H$11
Name AssmContingency: Assumptions!$H$21
Name AssmCoTaxRate: Assumptions!$H$10
Name AssmCrInterest: Assumptions!$H$22
Name AssmDrInterest: Assumptions!$H$28
Name AssmEquity: Assumptions!$H$30
Name AssmEquityDate: Assumptions!$H$31
Name AssmHosting: Assumptions!$H$18
Name AssmInflationRate: [1]Assumptions!$C$8
Name AssmIT: Assumptions!$H$16
Name AssmLaptop: Assumptions!$H$23
Name AssmLaptopLife: Assumptions!$H$24
Name AssmLegal: Assumptions!$H$14
Name AssmLoanAmt: Assumptions!$H$25
Name AssmLoanSecurity: Assumptions!$H$27
Name AssmLoanStart: Assumptions!$H$29
Name AssmLoanTerm: Assumptions!$H$26
Name AssmModelHeader: Assumptions!$H$13
Name AssmModelName: Assumptions!$H$8
Name AssmOffice: Assumptions!$H$19
Name AssmStaffScenario: Assumptions!$H$12
Name AssmStartDate: Assumptions!$H$9
Name AssmTelecom: Assumptions!$H$20
Name AssmTVGrowthRate: Assumptions!$H$33
Name AssmWACC: Assumptions!$H$32
Name ErrChkCalcBalanceSheet: Calculations!$H$130
Name ErrChkCummaryCashFlow: Summary!$N$60
Name ErrChkOverall: 'Error Checks'!$D$4
Name ErrChkSummaryBalanceSheet: Summary!$N$48
Name ErrChkSummaryIncomeStmt: Summary!$N$25
Name refCaseNames: tblCases[Case]
Name refStaffPositions: tblStaff[Staff]
Name refStaffScenario: tblStaffScenario[Staffing Scenario]
Name rngDest: Calculations!$I$99:$BP$99
Name rngSource: Calculations!$I$130:$BP$130
Name Start: ToC!$C$6
Name V_CashFlow: Calculations!$H$227
Name V_IRR: Calculations!$H$280
Name V_NPATperYr: Summary!$I$23:$M$23
Name V_NPV: Calculations!$H$279

Sheet ToC
B1: =AssmModelHeader -> Growth Startup (High)
B2: =RIGHT(CELL("filename",A1),LEN(CELL("filename",A1))-FIND("]",CELL("filename",A1))) -> ToC
A4: =ErrChkOverall -> TRUE
C7: Legal
C8: Exercise
C9: Error Checks
C10: Summary
C11: Calculations
C12: Assumptions
C13: Tables
C14: Format Conventions
C15: Structure
C16: Guidance
C17: ToDo
C18: Change Log

Sheet Error Checks
B1: =AssmModelHeader -> Growth Startup (High)
B2: Error Checks
A3: ToC
A4: =ErrChkOverall -> TRUE | C4: Overall error check | D4: =COUNTA(D7:D19)=COUNTIF(D7:D19,TRUE) -> TRUE
B6: Error Check | C6: RangeName | D6: Result | E6: Link | F6: Notes
B7: Summary cash Flow balances | C7: ErrChkCummaryCashFlow | D7: =INDIRECT(C7) -> TRUE | E7: =HYPERLINK("#"&C7,"Link") -> Link
B8: Summary balance sheets balance | C8: ErrChkSummaryBalanceSheet | D8: =INDIRECT(C8) -> TRUE | E8: =HYPERLINK("#"&C8,"Link") -> Link
B9: Summary income statements balance | C9: ErrChkSummaryIncomeStmt | D9: =INDIRECT(C9) -> TRUE | E9: =HYPERLINK("#"&C9,"Link") -> Link
B10: Calculations balance sheets balance | C10: ErrChkCalcBalanceSheet | D10: =INDIRECT(C10) -> TRUE | E10: =HYPERLINK("#"&C10,"Link") -> Link

Sheet Summary
C1: =AssmModelHeader -> Growth Startup (High)
C2: Annual Summary
B3: ToC
B4: =ErrChkOverall -> TRUE
H5: Total | I5: =YEAR(AssmStartDate) -> 2027 | J5: =I5+1 -> 2028 | K5: =J5+1 -> 2029 | L5: =K5+1 -> 2030 | M5: =L5+1 -> 2031 | O5: Key Information
C6: Year Number | I6: =I5-YEAR(AssmStartDate)+1 -> 1 | J6: =J5-YEAR(AssmStartDate)+1 -> 2 | K6: =K5-YEAR(AssmStartDate)+1 -> 3 | L6: =L5-YEAR(AssmStartDate)+1 -> 4 | M6: =M5-YEAR(AssmStartDate)+1 -> 5 | O6: Inputs
C7: Year end | I7: =EOMONTH(AssmStartDate,11) -> 46752 | J7: =EOMONTH(I7,12) -> 47118 | K7: =EOMONTH(J7,12) -> 47483 | L7: =EOMONTH(K7,12) -> 47848 | M7: =EOMONTH(L7,12) -> 48213 | O7: Business Case: | Q7: =AssmBusinessCase -> High
O8: Staff Scenario: | Q8: =AssmStaffScenario -> Fast
C9: Income Statement | O9: Contingency: | Q9: =AssmContingency -> 0.1
A10: =IF(D10="",1,0) -> 0 | D10: =Calculations!C22 -> Total Revenue | H10: =SUM(I10:M10) -> 472328145 | I10: =SUMIFS(OFFSET(Calculations!$I$10:$BP$10,MATCH(OFFSET(Summary!$D10,0,$A10),OFFSET(Calculations!$C$11:$C$230,0,$A10),0),0),Calculations!$I$8:$BP$8,I$6) -> 186980 | J10: =SUMIFS(OFFSET(Calculations!$I$10:$BP$10,MATCH(OFFSET(Summary!$D10,0,$A10),OFFSET(Calculations!$C$11:$C$230,0,$A10),0),0),Calculations!$I$8:$BP$8,J$6) -> 4278160 | K10: =SUMIFS(OFFSET(Calculations!$I$10:$BP$10,MATCH(OFFSET(Summary!$D10,0,$A10),OFFSET(Calculations!$C$11:$C$230,0,$A10),0),0),Calculations!$I$8:$BP$8,K$6) -> 29916775 | L10: =SUMIFS(OFFSET(Calculations!$I$10:$BP$10,MATCH(OFFSET(Summary!$D10,0,$A10),OFFSET(Calculations!$C$11:$C$230,0,$A10),0),0),Calculations!$I$8:$BP$8,L$6) -> 92683250 | M10: =SUMIFS(OFFSET(Calculations!$I$10:$BP$10,MATCH(OFFSET(Summary!$D10,0,$A10),OFFSET(Calculations!$C$11:$C$230,0,$A10),0),0),Calculations!$I$8:$BP$8,M$6) -> 345262980
A11: =IF(D11="",1,0) -> 0 | D11: =Calculations!C45 -> Total Direct Costs | H11: =SUM(I11:M11) -> 73855009 | I11: =SUMIFS(OFFSET(Calculations!$I$10:$BP$10,MATCH(OFFSET(Summary!$D11,0,$A11),OFFSET(Calculations!$C$11:$C$230,0,$A11),0),0),Calculations!$I$8:$BP$8,I$6) -> 1136927.3 | J11: =SUMIFS(OFFSET(Calculations!$I$10:$BP$10,MATCH(OFFSET(Summary!$D11,0,$A11),OFFSET(Calculations!$C$11:$C$230,0,$A11),0),0),Calculations!$I$8:$BP$8,J$6) -> 4826781.3 | K11: =SUMIFS(OFFSET(Calculations!$I$10:$BP$10,MATCH(OFFSET(Summary!$D11,0,$A11),OFFSET(Calculations!$C$11:$C$230,0,$A11),0),0),Calculations!$I$8:$BP$8,K$6) -> 9196677.5 | L11: =SUMIFS(OFFSET(Calculations!$I$10:$BP$10,MATCH(OFFSET(Summary!$D11,0,$A11),OFFSET(Calculations!$C$11:$C$230,0,$A11),0),0),Calculations!$I$8:$BP$8,L$6) -> 16718325 | M11: =SUMIFS(OFFSET(Calculations!$I$10:$BP$10,MATCH(OFFSET(Summary!$D11,0,$A11),OFFSET(Calculations!$C$11:$C$230,0,$A11),0),0),Calculations!$I$8:$BP$8,M$6) -> 41976298 | O11: Outputs
A12: =IF(D12="",1,0) -> 0 | D12: =Calculations!C47 -> Gross Profit | H12: =SUM(I12:M12) -> 3.9847314e+08 | I12: =SUMIFS(OFFSET(Calculations!$I$10:$BP$10,MATCH(OFFSET(Summary!$D12,0,$A12),OFFSET(Calculations!$C$11:$C$230,0,$A12),0),0),Calculations!$I$8:$BP$8,I$6) -> -949947.33 | J12: =SUMIFS(OFFSET(Calculations!$I$10:$BP$10,MATCH(OFFSET(Summary!$D12,0,$A12),OFFSET(Calculations!$C$11:$C$230,0,$A12),0),0),Calculations!$I$8:$BP$8,J$6) -> -548621.33 | K12: =SUMIFS(OFFSET(Calculations!$I$10:$BP$10,MATCH(OFFSET(Summary!$D12,0,$A12),OFFSET(Calculations!$C$11:$C$230,0,$A12),0),0),Calculations!$I$8:$BP$8,K$6) -> 20720098 | L12: =SUMIFS(OFFSET(Calculations!$I$10:$BP$10,MATCH(OFFSET(Summary!$D12,0,$A12),OFFSET(Calculations!$C$11:$C$230,0,$A12),0),0),Calculations!$I$8:$BP$8,L$6) -> 75964925 | M12: =SUMIFS(OFFSET(Calculations!$I$10:$BP$10,MATCH(OFFSET(Summary!$D12,0,$A12),OFFSET(Calculations!$C$11:$C$230,0,$A12),0),0),Calculations!$I$8:$BP$8,M$6) -> 303286682 | O12: Total Revenue | Q12: =Calculations!H22 -> 472328145
A13: =IF(D13="",1,0) -> 0 | D13: Gross Profit % | H13: =H12/H10 -> 0.84363623 | I13: =I12/I10 -> -5.0804756 | J13: =J12/J10 -> -0.12823768 | K13: =K12/K10 -> 0.69259128 | L13: =L12/L10 -> 0.8196187 | M13: =M12/M10 -> 0.87842224 | O13: Total NPAT | Q13: =Calculations!H92 -> 2.6453862e+08
A14: =IF(D14="",1,0) -> 1 | O14: Total Cash Flow | Q14: =Calculations!H227 -> 2.4848128e+08
A15: =IF(D15="",1,0) -> 0 | D15: =Calculations!C77 -> Total Indirect Costs | H15: =SUM(I15:M15) -> 25912322 | I15: =SUMIFS(OFFSET(Calculations!$I$10:$BP$10,MATCH(OFFSET(Summary!$D15,0,$A15),OFFSET(Calculations!$C$11:$C$230,0,$A15),0),0),Calculations!$I$8:$BP$8,I$6) -> 629088.13 | J15: =SUMIFS(OFFSET(Calculations!$I$10:$BP$10,MATCH(OFFSET(Summary!$D15,0,$A15),OFFSET(Calculations!$C$11:$C$230,0,$A15),0),0),Calculations!$I$8:$BP$8,J$6) -> 1710347.7 | K15: =SUMIFS(OFFSET(Calculations!$I$10:$BP$10,MATCH(OFFSET(Summary!$D15,0,$A15),OFFSET(Calculations!$C$11:$C$230,0,$A15),0),0),Calculations!$I$8:$BP$8,K$6) -> 3506246.8 | L15: =SUMIFS(OFFSET(Calculations!$I$10:$BP$10,MATCH(OFFSET(Summary!$D15,0,$A15),OFFSET(Calculations!$C$11:$C$230,0,$A15),0),0),Calculations!$I$8:$BP$8,L$6) -> 5987424 | M15: =SUMIFS(OFFSET(Calculations!$I$10:$BP$10,MATCH(OFFSET(Summary!$D15,0,$A15),OFFSET(Calculations!$C$11:$C$230,0,$A15),0),0),Calculations!$I$8:$BP$8,M$6) -> 14079215 | O15: Forecast period (yrs) | Q15: =M6 -> 5
A16: =IF(D16="",1,0) -> 0 | D16: =Calculations!C79 -> EBITDA | H16: =SUM(I16:M16) -> 3.7256081e+08 | I16: =SUMIFS(OFFSET(Calculations!$I$10:$BP$10,MATCH(OFFSET(Summary!$D16,0,$A16),OFFSET(Calculations!$C$11:$C$230,0,$A16),0),0),Calculations!$I$8:$BP$8,I$6) -> -1579035.5 | J16: =SUMIFS(OFFSET(Calculations!$I$10:$BP$10,MATCH(OFFSET(Summary!$D16,0,$A16),OFFSET(Calculations!$C$11:$C$230,0,$A16),0),0),Calculations!$I$8:$BP$8,J$6) -> -2258969 | K16: =SUMIFS(OFFSET(Calculations!$I$10:$BP$10,MATCH(OFFSET(Summary!$D16,0,$A16),OFFSET(Calculations!$C$11:$C$230,0,$A16),0),0),Calculations!$I$8:$BP$8,K$6) -> 17213851 | L16: =SUMIFS(OFFSET(Calculations!$I$10:$BP$10,MATCH(OFFSET(Summary!$D16,0,$A16),OFFSET(Calculations!$C$11:$C$230,0,$A16),0),0),Calculations!$I$8:$BP$8,L$6) -> 69977501 | M16: =SUMIFS(OFFSET(Calculations!$I$10:$BP$10,MATCH(OFFSET(Summary!$D16,0,$A16),OFFSET(Calculations!$C$11:$C$230,0,$A16),0),0),Calculations!$I$8:$BP$8,M$6) -> 2.8920747e+08
A17: =IF(D17="",1,0) -> 1 | E17: =Calculations!D81 -> Depreciation Expense | H17: =SUM(I17:M17) -> 188000 | I17: =SUMIFS(OFFSET(Calculations!$I$10:$BP$10,MATCH(OFFSET(Summary!$D17,0,$A17),OFFSET(Calculations!$C$11:$C$230,0,$A17),0),0),Calculations!$I$8:$BP$8,I$6) -> 14575 | J17: =SUMIFS(OFFSET(Calculations!$I$10:$BP$10,MATCH(OFFSET(Summary!$D17,0,$A17),OFFSET(Calculations!$C$11:$C$230,0,$A17),0),0),Calculations!$I$8:$BP$8,J$6) -> 45166.667 | K17: =SUMIFS(OFFSET(Calculations!$I$10:$BP$10,MATCH(OFFSET(Summary!$D17,0,$A17),OFFSET(Calculations!$C$11:$C$230,0,$A17),0),0),Calculations!$I$8:$BP$8,K$6) -> 63925 | L17: =SUMIFS(OFFSET(Calculations!$I$10:$BP$10,MATCH(OFFSET(Summary!$D17,0,$A17),OFFSET(Calculations!$C$11:$C$230,0,$A17),0),0),Calculations!$I$8:$BP$8,L$6) -> 48833.333 | M17: =SUMIFS(OFFSET(Calculations!$I$10:$BP$10,MATCH(OFFSET(Summary!$D17,0,$A17),OFFSET(Calculations!$C$11:$C$230,0,$A17),0),0),Calculations!$I$8:$BP$8,M$6) -> 15500 | O17: Investment Analysis
A18: =IF(D18="",1,0) -> 0 | D18: =Calculations!C83 -> EBIT | H18: =SUM(I18:M18) -> 3.7237281e+08 | I18: =SUMIFS(OFFSET(Calculations!$I$10:$BP$10,MATCH(OFFSET(Summary!$D18,0,$A18),OFFSET(Calculations!$C$11:$C$230,0,$A18),0),0),Calculations!$I$8:$BP$8,I$6) -> -1593610.5 | J18: =SUMIFS(OFFSET(Calculations!$I$10:$BP$10,MATCH(OFFSET(Summary!$D18,0,$A18),OFFSET(Calculations!$C$11:$C$230,0,$A18),0),0),Calculations!$I$8:$BP$8,J$6) -> -2304135.7 | K18: =SUMIFS(OFFSET(Calculations!$I$10:$BP$10,MATCH(OFFSET(Summary!$D18,0,$A18),OFFSET(Calculations!$C$11:$C$230,0,$A18),0),0),Calculations!$I$8:$BP$8,K$6) -> 17149926 | L18: =SUMIFS(OFFSET(Calculations!$I$10:$BP$10,MATCH(OFFSET(Summary!$D18,0,$A18),OFFSET(Calculations!$C$11:$C$230,0,$A18),0),0),Calculations!$I$8:$BP$8,L$6) -> 69928668 | M18: =SUMIFS(OFFSET(Calculations!$I$10:$BP$10,MATCH(OFFSET(Summary!$D18,0,$A18),OFFSET(Calculations!$C$11:$C$230,0,$A18),0),0),Calculations!$I$8:$BP$8,M$6) -> 2.8919197e+08 | O18: WACC | Q18: =AssmWACC -> 0.1
A19: =IF(D19="",1,0) -> 1 | E19: =Calculations!D85 -> Interest Income | H19: =SUM(I19:M19) -> 5618446.2 | I19: =SUMIFS(OFFSET(Calculations!$I$10:$BP$10,MATCH(OFFSET(Summary!$D19,0,$A19),OFFSET(Calculations!$C$11:$C$230,0,$A19),0),0),Calculations!$I$8:$BP$8,I$6) -> 39237.005 | J19: =SUMIFS(OFFSET(Calculations!$I$10:$BP$10,MATCH(OFFSET(Summary!$D19,0,$A19),OFFSET(Calculations!$C$11:$C$230,0,$A19),0),0),Calculations!$I$8:$BP$8,J$6) -> -58859.953 | K19: =SUMIFS(OFFSET(Calculations!$I$10:$BP$10,MATCH(OFFSET(Summary!$D19,0,$A19),OFFSET(Calculations!$C$11:$C$230,0,$A19),0),0),Calculations!$I$8:$BP$8,K$6) -> 55257.767 | L19: =SUMIFS(OFFSET(Calculations!$I$10:$BP$10,MATCH(OFFSET(Summary!$D19,0,$A19),OFFSET(Calculations!$C$11:$C$230,0,$A19),0),0),Calculations!$I$8:$BP$8,L$6) -> 939014.13 | M19: =SUMIFS(OFFSET(Calculations!$I$10:$BP$10,MATCH(OFFSET(Summary!$D19,0,$A19),OFFSET(Calculations!$C$11:$C$230,0,$A19),0),0),Calculations!$I$8:$BP$8,M$6) -> 4643797.3 | O19: NPV | Q19: =Calculations!H279 -> 3.586123e+08
A20: =IF(D20="",1,0) -> 1 | E20: =Calculations!D86 -> Interest Expense | H20: =SUM(I20:M20) -> 78952.31 | I20: =SUMIFS(OFFSET(Calculations!$I$10:$BP$10,MATCH(OFFSET(Summary!$D20,0,$A20),OFFSET(Calculations!$C$11:$C$230,0,$A20),0),0),Calculations!$I$8:$BP$8,I$6) -> 33591.5 | J20: =SUMIFS(OFFSET(Calculations!$I$10:$BP$10,MATCH(OFFSET(Summary!$D20,0,$A20),OFFSET(Calculations!$C$11:$C$230,0,$A20),0),0),Calculations!$I$8:$BP$8,J$6) -> 30722.64 | K20: =SUMIFS(OFFSET(Calculations!$I$10:$BP$10,MATCH(OFFSET(Summary!$D20,0,$A20),OFFSET(Calculations!$C$11:$C$230,0,$A20),0),0),Calculations!$I$8:$BP$8,K$6) -> 13894.06 | L20: =SUMIFS(OFFSET(Calculations!$I$10:$BP$10,MATCH(OFFSET(Summary!$D20,0,$A20),OFFSET(Calculations!$C$11:$C$230,0,$A20),0),0),Calculations!$I$8:$BP$8,L$6) -> 744.11 | M20: =SUMIFS(OFFSET(Calculations!$I$10:$BP$10,MATCH(OFFSET(Summary!$D20,0,$A20),OFFSET(Calculations!$C$11:$C$230,0,$A20),0),0),Calculations!$I$8:$BP$8,M$6) -> 0 | O20: IRR | Q20: =Calculations!H280 -> 3.7125932
A21: =IF(D21="",1,0) -> 0 | D21: =Calculations!C88 -> EBT | H21: =SUM(I21:M21) -> 3.7791231e+08 | I21: =SUMIFS(OFFSET(Calculations!$I$10:$BP$10,MATCH(OFFSET(Summary!$D21,0,$A21),OFFSET(Calculations!$C$11:$C$230,0,$A21),0),0),Calculations!$I$8:$BP$8,I$6) -> -1587965 | J21: =SUMIFS(OFFSET(Calculations!$I$10:$BP$10,MATCH(OFFSET(Summary!$D21,0,$A21),OFFSET(Calculations!$C$11:$C$230,0,$A21),0),0),Calculations!$I$8:$BP$8,J$6) -> -2393718.2 | K21: =SUMIFS(OFFSET(Calculations!$I$10:$BP$10,MATCH(OFFSET(Summary!$D21,0,$A21),OFFSET(Calculations!$C$11:$C$230,0,$A21),0),0),Calculations!$I$8:$BP$8,K$6) -> 17191289 | L21: =SUMIFS(OFFSET(Calculations!$I$10:$BP$10,MATCH(OFFSET(Summary!$D21,0,$A21),OFFSET(Calculations!$C$11:$C$230,0,$A21),0),0),Calculations!$I$8:$BP$8,L$6) -> 70866938 | M21: =SUMIFS(OFFSET(Calculations!$I$10:$BP$10,MATCH(OFFSET(Summary!$D21,0,$A21),OFFSET(Calculations!$C$11:$C$230,0,$A21),0),0),Calculations!$I$8:$BP$8,M$6) -> 2.9383576e+08 | O21: Payback period (mths) | Q21: =Calculations!H271 -> 32
A22: =IF(D22="",1,0) -> 1 | E22: =Calculations!D90 -> Tax expense | H22: =SUM(I22:M22) -> 1.1337369e+08 | I22: =SUMIFS(OFFSET(Calculations!$I$10:$BP$10,MATCH(OFFSET(Summary!$D22,0,$A22),OFFSET(Calculations!$C$11:$C$230,0,$A22),0),0),Calculations!$I$8:$BP$8,I$6) -> 0 | J22: =SUMIFS(OFFSET(Calculations!$I$10:$BP$10,MATCH(OFFSET(Summary!$D22,0,$A22),OFFSET(Calculations!$C$11:$C$230,0,$A22),0),0),Calculations!$I$8:$BP$8,J$6) -> 0 | K22: =SUMIFS(OFFSET(Calculations!$I$10:$BP$10,MATCH(OFFSET(Summary!$D22,0,$A22),OFFSET(Calculations!$C$11:$C$230,0,$A22),0),0),Calculations!$I$8:$BP$8,K$6) -> 3962881.9 | L22: =SUMIFS(OFFSET(Calculations!$I$10:$BP$10,MATCH(OFFSET(Summary!$D22,0,$A22),OFFSET(Calculations!$C$11:$C$230,0,$A22),0),0),Calculations!$I$8:$BP$8,L$6) -> 21260081 | M22: =SUMIFS(OFFSET(Calculations!$I$10:$BP$10,MATCH(OFFSET(Summary!$D22,0,$A22),OFFSET(Calculations!$C$11:$C$230,0,$A22),0),0),Calculations!$I$8:$BP$8,M$6) -> 88150729 | O22: Funding Requirement | Q22: =-Calculations!H272 -> 3133646.2
A23: =IF(D23="",1,0) -> 0 | D23: =Calculations!C92 -> NPAT | H23: =SUM(I23:M23) -> 2.6453862e+08 | I23: =SUMIFS(OFFSET(Calculations!$I$10:$BP$10,MATCH(OFFSET(Summary!$D23,0,$A23),OFFSET(Calculations!$C$11:$C$230,0,$A23),0),0),Calculations!$I$8:$BP$8,I$6) -> -1587965 | J23: =SUMIFS(OFFSET(Calculations!$I$10:$BP$10,MATCH(OFFSET(Summary!$D23,0,$A23),OFFSET(Calculations!$C$11:$C$230,0,$A23),0),0),Calculations!$I$8:$BP$8,J$6) -> -2393718.2 | K23: =SUMIFS(OFFSET(Calculations!$I$10:$BP$10,MATCH(OFFSET(Summary!$D23,0,$A23),OFFSET(Calculations!$C$11:$C$230,0,$A23),0),0),Calculations!$I$8:$BP$8,K$6) -> 13228408 | L23: =SUMIFS(OFFSET(Calculations!$I$10:$BP$10,MATCH(OFFSET(Summary!$D23,0,$A23),OFFSET(Calculations!$C$11:$C$230,0,$A23),0),0),Calculations!$I$8:$BP$8,L$6) -> 49606856 | M23: =SUMIFS(OFFSET(Calculations!$I$10:$BP$10,MATCH(OFFSET(Summary!$D23,0,$A23),OFFSET(Calculations!$C$11:$C$230,0,$A23),0),0),Calculations!$I$8:$BP$8,M$6) -> 2.0568503e+08
D25: check income statements balance | H25: =ROUND(H12-H15-H17+H19-H20-H22-H23,0) -> 0 | I25: =ROUND(I12-I15-I17+I19-I20-I22-I23,0) -> 0 | J25: =ROUND(J12-J15-J17+J19-J20-J22-J23,0) -> 0 | K25: =ROUND(K12-K15-K17+K19-K20-K22-K23,0) -> 0 | L25: =ROUND(L12-L15-L17+L19-L20-L22-L23,0) -> 0 | M25: =ROUND(M12-M15-M17+M19-M20-M22-M23,0) -> 0 | N25: =COUNTIF(H25:M25,0)=COUNT(H25:M25) -> TRUE
E27: Closing customers | I27: =INDEX(Calculations!$I$7:$BP$231,MATCH(Summary!$E27,Calculations!$D$7:$D$231,0),MATCH(Summary!I$7,Calculations!$I$6:$BP$6,0)) -> 2239 | J27: =INDEX(Calculations!$I$7:$BP$231,MATCH(Summary!$E27,Calculations!$D$7:$D$231,0),MATCH(Summary!J$7,Calculations!$I$6:$BP$6,0)) -> 51407 | K27: =INDEX(Calculations!$I$7:$BP$231,MATCH(Summary!$E27,Calculations!$D$7:$D$231,0),MATCH(Summary!K$7,Calculations!$I$6:$BP$6,0)) -> 158703 | L27: =INDEX(Calculations!$I$7:$BP$231,MATCH(Summary!$E27,Calculations!$D$7:$D$231,0),MATCH(Summary!L$7,Calculations!$I$6:$BP$6,0)) -> 492661 | M27: =INDEX(Calculations!$I$7:$BP$231,MATCH(Summary!$E27,Calculations!$D$7:$D$231,0),MATCH(Summary!M$7,Calculations!$I$6:$BP$6,0)) -> 1529387
E28: Net profit per customer | I28: =I23/I27 -> -709.22955 | J28: =J23/J27 -> -46.564052 | K28: =K23/K27 -> 83.353229 | L28: =L23/L27 -> 100.69167 | M28: =M23/M27 -> 134.48855
C30: Balance Sheet
D31: Assets
E32: =Calculations!D101 -> Total Current Assets | I32: =INDEX(Calculations!$I$95:$BP$231,MATCH(Summary!$E32,Calculations!$D$95:$D$231,0),MATCH(Summary!I$7,Calculations!$I$6:$BP$6,0)) -> 165692.84 | J32: =INDEX(Calculations!$I$95:$BP$231,MATCH(Summary!$E32,Calculations!$D$95:$D$231,0),MATCH(Summary!J$7,Calculations!$I$6:$BP$6,0)) -> -2495055.3 | K32: =INDEX(Calculations!$I$95:$BP$231,MATCH(Summary!$E32,Calculations!$D$95:$D$231,0),MATCH(Summary!K$7,Calculations!$I$6:$BP$6,0)) -> 11269788 | L32: =INDEX(Calculations!$I$95:$BP$231,MATCH(Summary!$E32,Calculations!$D$95:$D$231,0),MATCH(Summary!L$7,Calculations!$I$6:$BP$6,0)) -> 63315394 | M32: =INDEX(Calculations!$I$95:$BP$231,MATCH(Summary!$E32,Calculations!$D$95:$D$231,0),MATCH(Summary!M$7,Calculations!$I$6:$BP$6,0)) -> 2.789824e+08
E33: =Calculations!D107 -> Total Non-Current Assets | I33: =INDEX(Calculations!$I$95:$BP$231,MATCH(Summary!$E33,Calculations!$D$95:$D$231,0),MATCH(Summary!I$7,Calculations!$I$6:$BP$6,0)) -> 41425 | J33: =INDEX(Calculations!$I$95:$BP$231,MATCH(Summary!$E33,Calculations!$D$95:$D$231,0),MATCH(Summary!J$7,Calculations!$I$6:$BP$6,0)) -> 62258.333 | K33: =INDEX(Calculations!$I$95:$BP$231,MATCH(Summary!$E33,Calculations!$D$95:$D$231,0),MATCH(Summary!K$7,Calculations!$I$6:$BP$6,0)) -> 64333.333 | L33: =INDEX(Calculations!$I$95:$BP$231,MATCH(Summary!$E33,Calculations!$D$95:$D$231,0),MATCH(Summary!L$7,Calculations!$I$6:$BP$6,0)) -> 15500 | M33: =INDEX(Calculations!$I$95:$BP$231,MATCH(Summary!$E33,Calculations!$D$95:$D$231,0),MATCH(Summary!M$7,Calculations!$I$6:$BP$6,0)) -> 0
D34: Total Assets | I34: =SUM(I32:I33) -> 207117.84 | J34: =SUM(J32:J33) -> -2432796.9 | K34: =SUM(K32:K33) -> 11334121 | L34: =SUM(L32:L33) -> 63330894 | M34: =SUM(M32:M33) -> 2.789824e+08
D36: Liabilities
E37: =Calculations!D115 -> Total Current Liabilities | I37: =INDEX(Calculations!$I$95:$BP$231,MATCH(Summary!$E37,Calculations!$D$95:$D$231,0),MATCH(Summary!I$7,Calculations!$I$6:$BP$6,0)) -> 31229.375 | J37: =INDEX(Calculations!$I$95:$BP$231,MATCH(Summary!$E37,Calculations!$D$95:$D$231,0),MATCH(Summary!J$7,Calculations!$I$6:$BP$6,0)) -> 113960.98 | K37: =INDEX(Calculations!$I$95:$BP$231,MATCH(Summary!$E37,Calculations!$D$95:$D$231,0),MATCH(Summary!K$7,Calculations!$I$6:$BP$6,0)) -> 998227.96 | L37: =INDEX(Calculations!$I$95:$BP$231,MATCH(Summary!$E37,Calculations!$D$95:$D$231,0),MATCH(Summary!L$7,Calculations!$I$6:$BP$6,0)) -> 3477313.3 | M37: =INDEX(Calculations!$I$95:$BP$231,MATCH(Summary!$E37,Calculations!$D$95:$D$231,0),MATCH(Summary!M$7,Calculations!$I$6:$BP$6,0)) -> 13443783
E38: =Calculations!D119 -> Total Non-Current Liabilities | I38: =INDEX(Calculations!$I$95:$BP$231,MATCH(Summary!$E38,Calculations!$D$95:$D$231,0),MATCH(Summary!I$7,Calculations!$I$6:$BP$6,0)) -> 763853.42 | J38: =INDEX(Calculations!$I$95:$BP$231,MATCH(Summary!$E38,Calculations!$D$95:$D$231,0),MATCH(Summary!J$7,Calculations!$I$6:$BP$6,0)) -> 434925.3 | K38: =INDEX(Calculations!$I$95:$BP$231,MATCH(Summary!$E38,Calculations!$D$95:$D$231,0),MATCH(Summary!K$7,Calculations!$I$6:$BP$6,0)) -> 89168.59 | L38: =INDEX(Calculations!$I$95:$BP$231,MATCH(Summary!$E38,Calculations!$D$95:$D$231,0),MATCH(Summary!L$7,Calculations!$I$6:$BP$6,0)) -> -2.4170874e-10 | M38: =INDEX(Calculations!$I$95:$BP$231,MATCH(Summary!$E38,Calculations!$D$95:$D$231,0),MATCH(Summary!M$7,Calculations!$I$6:$BP$6,0)) -> -2.5407501e-10
D39: Total Liabilities | I39: =SUM(I37:I38) -> 795082.8 | J39: =SUM(J37:J38) -> 548886.28 | K39: =SUM(K37:K38) -> 1087396.5 | L39: =SUM(L37:L38) -> 3477313.3 | M39: =SUM(M37:M38) -> 13443783
D41: Net Assets | I41: =I34-I39 -> -587964.96 | J41: =J34-J39 -> -2981683.2 | K41: =K34-K39 -> 10246724 | L41: =L34-L39 -> 59853581 | M41: =M34-M39 -> 2.6553862e+08
D43: Shareholders' Equity
E44: =Calculations!D126 -> Shareholders' Equity | I44: =INDEX(Calculations!$I$95:$BP$231,MATCH(Summary!$E44,Calculations!$D$95:$D$231,0),MATCH(Summary!I$7,Calculations!$I$6:$BP$6,0)) -> 1000000 | J44: =INDEX(Calculations!$I$95:$BP$231,MATCH(Summary!$E44,Calculations!$D$95:$D$231,0),MATCH(Summary!J$7,Calculations!$I$6:$BP$6,0)) -> 1000000 | K44: =INDEX(Calculations!$I$95:$BP$231,MATCH(Summary!$E44,Calculations!$D$95:$D$231,0),MATCH(Summary!K$7,Calculations!$I$6:$BP$6,0)) -> 1000000 | L44: =INDEX(Calculations!$I$95:$BP$231,MATCH(Summary!$E44,Calculations!$D$95:$D$231,0),MATCH(Summary!L$7,Calculations!$I$6:$BP$6,0)) -> 1000000 | M44: =INDEX(Calculations!$I$95:$BP$231,MATCH(Summary!$E44,Calculations!$D$95:$D$231,0),MATCH(Summary!M$7,Calculations!$I$6:$BP$6,0)) -> 1000000
E45: =Calculations!D127 -> Accumulated profits/(losses) | I45: =INDEX(Calculations!$I$95:$BP$231,MATCH(Summary!$E45,Calculations!$D$95:$D$231,0),MATCH(Summary!I$7,Calculations!$I$6:$BP$6,0)) -> -1587965 | J45: =INDEX(Calculations!$I$95:$BP$231,MATCH(Summary!$E45,Calculations!$D$95:$D$231,0),MATCH(Summary!J$7,Calculations!$I$6:$BP$6,0)) -> -3981683.2 | K45: =INDEX(Calculations!$I$95:$BP$231,MATCH(Summary!$E45,Calculations!$D$95:$D$231,0),MATCH(Summary!K$7,Calculations!$I$6:$BP$6,0)) -> 9246724.3 | L45: =INDEX(Calculations!$I$95:$BP$231,MATCH(Summary!$E45,Calculations!$D$95:$D$231,0),MATCH(Summary!L$7,Calculations!$I$6:$BP$6,0)) -> 58853581 | M45: =INDEX(Calculations!$I$95:$BP$231,MATCH(Summary!$E45,Calculations!$D$95:$D$231,0),MATCH(Summary!M$7,Calculations!$I$6:$BP$6,0)) -> 2.6453862e+08
D46: Total Shareholders' Equity | I46: =SUM(I44:I45) -> -587964.96 | J46: =SUM(J44:J45) -> -2981683.2 | K46: =SUM(K44:K45) -> 10246724 | L46: =SUM(L44:L45) -> 59853581 | M46: =SUM(M44:M45) -> 2.6553862e+08
D48: check balance sheets balance | I48: =ROUND(I41-I46,0) -> 0 | J48: =ROUND(J41-J46,0) -> 0 | K48: =ROUND(K41-K46,0) -> 0 | L48: =ROUND(L41-L46,0) -> 0 | M48: =ROUND(M41-M46,0) -> 0 | N48: =COUNTIF(I48:M48,0)=COUNT(I48:M48) -> TRUE
C50: Cash Flow Statement
A51: =IF(D52="",1,0) -> 1
A52: =IF(D53="",1,0) -> 1 | E52: =Calculations!D210 -> Total Operating Cash Flows | H52: =SUM(I52:M52) -> 3.4361228e+08 | I52: =SUMIFS(OFFSET(Calculations!$I$10:$BP$10,MATCH(OFFSET(Summary!$D52,0,$A51),OFFSET(Calculations!$C$11:$C$230,0,$A51),0),0),Calculations!$I$8:$BP$8,I$6) -> -1575284.1 | J52: =SUMIFS(OFFSET(Calculations!$I$10:$BP$10,MATCH(OFFSET(Summary!$D52,0,$A51),OFFSET(Calculations!$C$11:$C$230,0,$A51),0),0),Calculations!$I$8:$BP$8,J$6) -> -2779353.4 | K52: =SUMIFS(OFFSET(Calculations!$I$10:$BP$10,MATCH(OFFSET(Summary!$D52,0,$A51),OFFSET(Calculations!$C$11:$C$230,0,$A51),0),0),Calculations!$I$8:$BP$8,K$6) -> 15313896 | L52: =SUMIFS(OFFSET(Calculations!$I$10:$BP$10,MATCH(OFFSET(Summary!$D52,0,$A51),OFFSET(Calculations!$C$11:$C$230,0,$A51),0),0),Calculations!$I$8:$BP$8,L$6) -> 64693727 | M52: =SUMIFS(OFFSET(Calculations!$I$10:$BP$10,MATCH(OFFSET(Summary!$D52,0,$A51),OFFSET(Calculations!$C$11:$C$230,0,$A51),0),0),Calculations!$I$8:$BP$8,M$6) -> 2.6795929e+08
A53: =IF(D54="",1,0) -> 1 | E53: =Calculations!D215 -> Total Investing Cash Flows | H53: =SUM(I53:M53) -> -188000 | I53: =SUMIFS(OFFSET(Calculations!$I$10:$BP$10,MATCH(OFFSET(Summary!$D53,0,$A52),OFFSET(Calculations!$C$11:$C$230,0,$A52),0),0),Calculations!$I$8:$BP$8,I$6) -> -56000 | J53: =SUMIFS(OFFSET(Calculations!$I$10:$BP$10,MATCH(OFFSET(Summary!$D53,0,$A52),OFFSET(Calculations!$C$11:$C$230,0,$A52),0),0),Calculations!$I$8:$BP$8,J$6) -> -66000 | K53: =SUMIFS(OFFSET(Calculations!$I$10:$BP$10,MATCH(OFFSET(Summary!$D53,0,$A52),OFFSET(Calculations!$C$11:$C$230,0,$A52),0),0),Calculations!$I$8:$BP$8,K$6) -> -66000 | L53: =SUMIFS(OFFSET(Calculations!$I$10:$BP$10,MATCH(OFFSET(Summary!$D53,0,$A52),OFFSET(Calculations!$C$11:$C$230,0,$A52),0),0),Calculations!$I$8:$BP$8,L$6) -> 0 | M53: =SUMIFS(OFFSET(Calculations!$I$10:$BP$10,MATCH(OFFSET(Summary!$D53,0,$A52),OFFSET(Calculations!$C$11:$C$230,0,$A52),0),0),Calculations!$I$8:$BP$8,M$6) -> 0
E54: =Calculations!D225 -> Total Financing Cash Flows | H54: =SUM(I54:M54) -> -94943001 | I54: =SUMIFS(OFFSET(Calculations!$I$10:$BP$10,MATCH(OFFSET(Summary!$D54,0,$A53),OFFSET(Calculations!$C$11:$C$230,0,$A53),0),0),Calculations!$I$8:$BP$8,I$6) -> 1769498.9 | J54: =SUMIFS(OFFSET(Calculations!$I$10:$BP$10,MATCH(OFFSET(Summary!$D54,0,$A53),OFFSET(Calculations!$C$11:$C$230,0,$A53),0),0),Calculations!$I$8:$BP$8,J$6) -> -418510.72 | K54: =SUMIFS(OFFSET(Calculations!$I$10:$BP$10,MATCH(OFFSET(Summary!$D54,0,$A53),OFFSET(Calculations!$C$11:$C$230,0,$A53),0),0),Calculations!$I$8:$BP$8,K$6) -> -3490652.1 | L54: =SUMIFS(OFFSET(Calculations!$I$10:$BP$10,MATCH(OFFSET(Summary!$D54,0,$A53),OFFSET(Calculations!$C$11:$C$230,0,$A53),0),0),Calculations!$I$8:$BP$8,L$6) -> -18197698 | M54: =SUMIFS(OFFSET(Calculations!$I$10:$BP$10,MATCH(OFFSET(Summary!$D54,0,$A53),OFFSET(Calculations!$C$11:$C$230,0,$A53),0),0),Calculations!$I$8:$BP$8,M$6) -> -74605639
E55: Net Cash Flow | H55: =SUM(I55:M55) -> 2.4848128e+08 | I55: =SUM(I52:I54) -> 138214.84 | J55: =SUM(J52:J54) -> -3263864.1 | K55: =SUM(K52:K54) -> 11757244 | L55: =SUM(L52:L54) -> 46496029 | M55: =SUM(M52:M54) -> 1.9335365e+08
E57: =Calculations!D229 -> Opening Cash | I57: =INDEX(Calculations!$I$95:$BP$231,MATCH(Summary!$E57,Calculations!$D$95:$D$231,0),MATCH(Summary!I$7,Calculations!$I$6:$BP$6,0)) -> 408425.03 | J57: =INDEX(Calculations!$I$95:$BP$231,MATCH(Summary!$E57,Calculations!$D$95:$D$231,0),MATCH(Summary!J$7,Calculations!$I$6:$BP$6,0)) -> -3055093.8 | K57: =INDEX(Calculations!$I$95:$BP$231,MATCH(Summary!$E57,Calculations!$D$95:$D$231,0),MATCH(Summary!K$7,Calculations!$I$6:$BP$6,0)) -> 6985588.2 | L57: =INDEX(Calculations!$I$95:$BP$231,MATCH(Summary!$E57,Calculations!$D$95:$D$231,0),MATCH(Summary!L$7,Calculations!$I$6:$BP$6,0)) -> 48556341 | M57: =INDEX(Calculations!$I$95:$BP$231,MATCH(Summary!$E57,Calculations!$D$95:$D$231,0),MATCH(Summary!M$7,Calculations!$I$6:$BP$6,0)) -> 2.2225348e+08
E58: =Calculations!D230 -> Closing Cash | I58: =INDEX(Calculations!$I$95:$BP$231,MATCH(Summary!$E58,Calculations!$D$95:$D$231,0),MATCH(Summary!I$7,Calculations!$I$6:$BP$6,0)) -> 138214.84 | J58: =INDEX(Calculations!$I$95:$BP$231,MATCH(Summary!$E58,Calculations!$D$95:$D$231,0),MATCH(Summary!J$7,Calculations!$I$6:$BP$6,0)) -> -3125649.3 | K58: =INDEX(Calculations!$I$95:$BP$231,MATCH(Summary!$E58,Calculations!$D$95:$D$231,0),MATCH(Summary!K$7,Calculations!$I$6:$BP$6,0)) -> 8631595.1 | L58: =INDEX(Calculations!$I$95:$BP$231,MATCH(Summary!$E58,Calculations!$D$95:$D$231,0),MATCH(Summary!L$7,Calculations!$I$6:$BP$6,0)) -> 55127624 | M58: =INDEX(Calculations!$I$95:$BP$231,MATCH(Summary!$E58,Calculations!$D$95:$D$231,0),MATCH(Summary!M$7,Calculations!$I$6:$BP$6,0)) -> 2.4848128e+08
D60: check net cash flow equals closing cash | N60: =ROUND(H55,0)=ROUND(M58,0) -> TRUE

Sheet Calculations
B1: =AssmModelHeader -> Growth Startup (High)
B2: Income Statement
A3: ToC
A4: =ErrChkOverall -> TRUE
B6: Dates | H6: Workings | I6: =Assumptions!I59 -> 46418 | J6: =Assumptions!J59 -> 46446 | K6: =Assumptions!K59 -> 46477 | L6: =Assumptions!L59 -> 46507 | M6: =Assumptions!M59 -> 46538 | N6: =Assumptions!N59 -> 46568 | O6: =Assumptions!O59 -> 46599 | P6: =Assumptions!P59 -> 46630 | ... BP6: =Assumptions!BP59 -> 48213
C7: Month Number | I7: =Assumptions!I60 -> 1 | J7: =Assumptions!J60 -> 2 | K7: =Assumptions!K60 -> 3 | L7: =Assumptions!L60 -> 4 | M7: =Assumptions!M60 -> 5 | N7: =Assumptions!N60 -> 6 | O7: =Assumptions!O60 -> 7 | P7: =Assumptions!P60 -> 8 | ... BP7: =Assumptions!BP60 -> 60
C8: Year Number | I8: =Assumptions!I62 -> 1 | J8: =Assumptions!J62 -> 1 | K8: =Assumptions!K62 -> 1 | L8: =Assumptions!L62 -> 1 | M8: =Assumptions!M62 -> 1 | N8: =Assumptions!N62 -> 1 | O8: =Assumptions!O62 -> 1 | P8: =Assumptions!P62 -> 1 | ... BP8: =Assumptions!BP62 -> 5
B10: Income Statement
C11: Customer Growth Rate per month | H11: CustomerNum | I11: =SUMIFS(INDEX(tblAnnualAssm[],,MATCH(TEXT(Calculations!I$8,"0"),tblAnnualAssm[#Headers],0)),tblAnnualAssm[Case],AssmBusinessCase,tblAnnualAssm[Input Type],$H11) -> 0.3 | J11: =SUMIFS(INDEX(tblAnnualAssm[],,MATCH(TEXT(Calculations!J$8,"0"),tblAnnualAssm[#Headers],0)),tblAnnualAssm[Case],AssmBusinessCase,tblAnnualAssm[Input Type],$H11) -> 0.3 | K11: =SUMIFS(INDEX(tblAnnualAssm[],,MATCH(TEXT(Calculations!K$8,"0"),tblAnnualAssm[#Headers],0)),tblAnnualAssm[Case],AssmBusinessCase,tblAnnualAssm[Input Type],$H11) -> 0.3 | L11: =SUMIFS(INDEX(tblAnnualAssm[],,MATCH(TEXT(Calculations!L$8,"0"),tblAnnualAssm[#Headers],0)),tblAnnualAssm[Case],AssmBusinessCase,tblAnnualAssm[Input Type],$H11) -> 0.3 | M11: =SUMIFS(INDEX(tblAnnualAssm[],,MATCH(TEXT(Calculations!M$8,"0"),tblAnnualAssm[#Headers],0)),tblAnnualAssm[Case],AssmBusinessCase,tblAnnualAssm[Input Type],$H11) -> 0.3 | N11: =SUMIFS(INDEX(tblAnnualAssm[],,MATCH(TEXT(Calculations!N$8,"0"),tblAnnualAssm[#Headers],0)),tblAnnualAssm[Case],AssmBusinessCase,tblAnnualAssm[Input Type],$H11) -> 0.3 | O11: =SUMIFS(INDEX(tblAnnualAssm[],,MATCH(TEXT(Calculations!O$8,"0"),tblAnnualAssm[#Headers],0)),tblAnnualAssm[Case],AssmBusinessCase,tblAnnualAssm[Input Type],$H11) -> 0.3 | P11: =SUMIFS(INDEX(tblAnnualAssm[],,MATCH(TEXT(Calculations!P$8,"0"),tblAnnualAssm[#Headers],0)),tblAnnualAssm[Case],AssmBusinessCase,tblAnnualAssm[Input Type],$H11) -> 0.3 | ... BP11: =SUMIFS(INDEX(tblAnnualAssm[],,MATCH(TEXT(Calculations!BP$8,"0"),tblAnnualAssm[#Headers],0)),tblAnnualAssm[Case],AssmBusinessCase,tblAnnualAssm[Input Type],$H11) -> 0.1
C12: Attrition Rate | H12: AttritionRate | I12: =SUMIFS(OFFSET(tblAnnualAssm[Case],0,MATCH(TEXT(Calculations!I$8,0),tblAnnualAssm[#Headers],0)-1),tblAnnualAssm[Case],AssmBusinessCase,tblAnnualAssm[Input Type],Calculations!$H12) -> 0.0025 | J12: =SUMIFS(OFFSET(tblAnnualAssm[Case],0,MATCH(TEXT(Calculations!J$8,0),tblAnnualAssm[#Headers],0)-1),tblAnnualAssm[Case],AssmBusinessCase,tblAnnualAssm[Input Type],Calculations!$H12) -> 0.0025 | K12: =SUMIFS(OFFSET(tblAnnualAssm[Case],0,MATCH(TEXT(Calculations!K$8,0),tblAnnualAssm[#Headers],0)-1),tblAnnualAssm[Case],AssmBusinessCase,tblAnnualAssm[Input Type],Calculations!$H12) -> 0.0025 | L12: =SUMIFS(OFFSET(tblAnnualAssm[Case],0,MATCH(TEXT(Calculations!L$8,0),tblAnnualAssm[#Headers],0)-1),tblAnnualAssm[Case],AssmBusinessCase,tblAnnualAssm[Input Type],Calculations!$H12) -> 0.0025 | M12: =SUMIFS(OFFSET(tblAnnualAssm[Case],0,MATCH(TEXT(Calculations!M$8,0),tblAnnualAssm[#Headers],0)-1),tblAnnualAssm[Case],AssmBusinessCase,tblAnnualAssm[Input Type],Calculations!$H12) -> 0.0025 | N12: =SUMIFS(OFFSET(tblAnnualAssm[Case],0,MATCH(TEXT(Calculations!N$8,0),tblAnnualAssm[#Headers],0)-1),tblAnnualAssm[Case],AssmBusinessCase,tblAnnualAssm[Input Type],Calculations!$H12) -> 0.0025 | O12: =SUMIFS(OFFSET(tblAnnualAssm[Case],0,MATCH(TEXT(Calculations!O$8,0),tblAnnualAssm[#Headers],0)-1),tblAnnualAssm[Case],AssmBusinessCase,tblAnnualAssm[Input Type],Calculations!$H12) -> 0.0025 | P12: =SUMIFS(OFFSET(tblAnnualAssm[Case],0,MATCH(TEXT(Calculations!P$8,0),tblAnnualAssm[#Headers],0)-1),tblAnnualAssm[Case],AssmBusinessCase,tblAnnualAssm[Input Type],Calculations!$H12) -> 0.0025 | ... BP12: =SUMIFS(OFFSET(tblAnnualAssm[Case],0,MATCH(TEXT(Calculations!BP$8,0),tblAnnualAssm[#Headers],0)-1),tblAnnualAssm[Case],AssmBusinessCase,tblAnnualAssm[Input Type],Calculations!$H12) -> 0.001
C14: Customer Numbers
D15: Opening Customers | I15: =H18 -> 100 | J15: =I18 -> 129 | K15: =J18 -> 167 | L15: =K18 -> 216 | M15: =L18 -> 280 | N15: =M18 -> 363 | O15: =N18 -> 471 | P15: =O18 -> 610 | ... BP15: =BO18 -> 1391617
E16: New Customers | I16: =ROUND(I15*I11,0) -> 30 | J16: =ROUND(J15*J11,0) -> 39 | K16: =ROUND(K15*K11,0) -> 50 | L16: =ROUND(L15*L11,0) -> 65 | M16: =ROUND(M15*M11,0) -> 84 | N16: =ROUND(N15*N11,0) -> 109 | O16: =ROUND(O15*O11,0) -> 141 | P16: =ROUND(P15*P11,0) -> 183 | ... BP16: =ROUND(BP15*BP11,0) -> 139162
E17: Attrition | I17: =-ROUNDUP(I15*I12,0) -> -1 | J17: =-ROUNDUP(J15*J12,0) -> -1 | K17: =-ROUNDUP(K15*K12,0) -> -1 | L17: =-ROUNDUP(L15*L12,0) -> -1 | M17: =-ROUNDUP(M15*M12,0) -> -1 | N17: =-ROUNDUP(N15*N12,0) -> -1 | O17: =-ROUNDUP(O15*O12,0) -> -2 | P17: =-ROUNDUP(P15*P12,0) -> -2 | ... BP17: =-ROUNDUP(BP15*BP12,0) -> -1392
D18: Closing Customers | H18: =INDEX(tblCases[Starting Customers],MATCH(AssmBusinessCase,tblCases[Case],0)) -> 100 | I18: =SUM(I15:I17) -> 129 | J18: =SUM(J15:J17) -> 167 | K18: =SUM(K15:K17) -> 216 | L18: =SUM(L15:L17) -> 280 | M18: =SUM(M15:M17) -> 363 | N18: =SUM(N15:N17) -> 471 | O18: =SUM(O15:O17) -> 610 | P18: =SUM(P15:P17) -> 791 | ... BP18: =SUM(BP15:BP17) -> 1529387
C20: Monthly fee | H20: Price | I20: =SUMIFS(INDEX(tblAnnualAssm[],,MATCH(TEXT(Calculations!I$8,"0"),tblAnnualAssm[#Headers],0)),tblAnnualAssm[Case],AssmBusinessCase,tblAnnualAssm[Input Type],$H20) -> 20 | J20: =SUMIFS(INDEX(tblAnnualAssm[],,MATCH(TEXT(Calculations!J$8,"0"),tblAnnualAssm[#Headers],0)),tblAnnualAssm[Case],AssmBusinessCase,tblAnnualAssm[Input Type],$H20) -> 20 | K20: =SUMIFS(INDEX(tblAnnualAssm[],,MATCH(TEXT(Calculations!K$8,"0"),tblAnnualAssm[#Headers],0)),tblAnnualAssm[Case],AssmBusinessCase,tblAnnualAssm[Input Type],$H20) -> 20 | L20: =SUMIFS(INDEX(tblAnnualAssm[],,MATCH(TEXT(Calculations!L$8,"0"),tblAnnualAssm[#Headers],0)),tblAnnualAssm[Case],AssmBusinessCase,tblAnnualAssm[Input Type],$H20) -> 20 | M20: =SUMIFS(INDEX(tblAnnualAssm[],,MATCH(TEXT(Calculations!M$8,"0"),tblAnnualAssm[#Headers],0)),tblAnnualAssm[Case],AssmBusinessCase,tblAnnualAssm[Input Type],$H20) -> 20 | N20: =SUMIFS(INDEX(tblAnnualAssm[],,MATCH(TEXT(Calculations!N$8,"0"),tblAnnualAssm[#Headers],0)),tblAnnualAssm[Case],AssmBusinessCase,tblAnnualAssm[Input Type],$H20) -> 20 | O20: =SUMIFS(INDEX(tblAnnualAssm[],,MATCH(TEXT(Calculations!O$8,"0"),tblAnnualAssm[#Headers],0)),tblAnnualAssm[Case],AssmBusinessCase,tblAnnualAssm[Input Type],$H20) -> 20 | P20: =SUMIFS(INDEX(tblAnnualAssm[],,MATCH(TEXT(Calculations!P$8,"0"),tblAnnualAssm[#Headers],0)),tblAnnualAssm[Case],AssmBusinessCase,tblAnnualAssm[Input Type],$H20) -> 20 | ... BP20: =SUMIFS(INDEX(tblAnnualAssm[],,MATCH(TEXT(Calculations!BP$8,"0"),tblAnnualAssm[#Headers],0)),tblAnnualAssm[Case],AssmBusinessCase,tblAnnualAssm[Input Type],$H20) -> 30
C22: Total Revenue | H22: =SUM(I22:BP22) -> 472328145 | I22: =I20*I18 -> 2580 | J22: =J20*J18 -> 3340 | K22: =K20*K18 -> 4320 | L22: =L20*L18 -> 5600 | M22: =M20*M18 -> 7260 | N22: =N20*N18 -> 9420 | O22: =O20*O18 -> 12200 | P22: =P20*P18 -> 15820 | ... BP22: =BP20*BP18 -> 45881610
C24: Direct Costs
D25: Staff
E26: Staff Numbers | H26: Annual Salary
F27: CTO | H27: =INDEX(tblStaff[Salary],MATCH(Calculations!F27,tblStaff[Staff],0)) -> 120000 | I27: =SUMIFS(Assumptions!I$66:I$118,Assumptions!$F$66:$F$118,AssmStaffScenario,Assumptions!$G$66:$G$118,Calculations!$F27) -> 0 | J27: =SUMIFS(Assumptions!J$66:J$118,Assumptions!$F$66:$F$118,AssmStaffScenario,Assumptions!$G$66:$G$118,Calculations!$F27) -> 1 | K27: =SUMIFS(Assumptions!K$66:K$118,Assumptions!$F$66:$F$118,AssmStaffScenario,Assumptions!$G$66:$G$118,Calculations!$F27) -> 1 | L27: =SUMIFS(Assumptions!L$66:L$118,Assumptions!$F$66:$F$118,AssmStaffScenario,Assumptions!$G$66:$G$118,Calculations!$F27) -> 1 | M27: =SUMIFS(Assumptions!M$66:M$118,Assumptions!$F$66:$F$118,AssmStaffScenario,Assumptions!$G$66:$G$118,Calculations!$F27) -> 1 | N27: =SUMIFS(Assumptions!N$66:N$118,Assumptions!$F$66:$F$118,AssmStaffScenario,Assumptions!$G$66:$G$118,Calculations!$F27) -> 1 | O27: =SUMIFS(Assumptions!O$66:O$118,Assumptions!$F$66:$F$118,AssmStaffScenario,Assumptions!$G$66:$G$118,Calculations!$F27) -> 1 | P27: =SUMIFS(Assumptions!P$66:P$118,Assumptions!$F$66:$F$118,AssmStaffScenario,Assumptions!$G$66:$G$118,Calculations!$F27) -> 1 | ... BP27: =SUMIFS(Assumptions!BP$66:BP$118,Assumptions!$F$66:$F$118,AssmStaffScenario,Assumptions!$G$66:$G$118,Calculations!$F27) -> 1
F28: Senior Programmer | H28: =INDEX(tblStaff[Salary],MATCH(Calculations!F28,tblStaff[Staff],0)) -> 100000 | I28: =SUMIFS(Assumptions!I$66:I$118,Assumptions!$F$66:$F$118,AssmStaffScenario,Assumptions!$G$66:$G$118,Calculations!$F28) -> 0 | J28: =SUMIFS(Assumptions!J$66:J$118,Assumptions!$F$66:$F$118,AssmStaffScenario,Assumptions!$G$66:$G$118,Calculations!$F28) -> 0 | K28: =SUMIFS(Assumptions!K$66:K$118,Assumptions!$F$66:$F$118,AssmStaffScenario,Assumptions!$G$66:$G$118,Calculations!$F28) -> 1 | L28: =SUMIFS(Assumptions!L$66:L$118,Assumptions!$F$66:$F$118,AssmStaffScenario,Assumptions!$G$66:$G$118,Calculations!$F28) -> 2 | M28: =SUMIFS(Assumptions!M$66:M$118,Assumptions!$F$66:$F$118,AssmStaffScenario,Assumptions!$G$66:$G$118,Calculations!$F28) -> 2 | N28: =SUMIFS(Assumptions!N$66:N$118,Assumptions!$F$66:$F$118,AssmStaffScenario,Assumptions!$G$66:$G$118,Calculations!$F28) -> 3 | O28: =SUMIFS(Assumptions!O$66:O$118,Assumptions!$F$66:$F$118,AssmStaffScenario,Assumptions!$G$66:$G$118,Calculations!$F28) -> 4 | P28: =SUMIFS(Assumptions!P$66:P$118,Assumptions!$F$66:$F$118,AssmStaffScenario,Assumptions!$G$66:$G$118,Calculations!$F28) -> 4 | ... BP28: =SUMIFS(Assumptions!BP$66:BP$118,Assumptions!$F$66:$F$118,AssmStaffScenario,Assumptions!$G$66:$G$118,Calculations!$F28) -> 32
F29: Programmer | H29: =INDEX(tblStaff[Salary],MATCH(Calculations!F29,tblStaff[Staff],0)) -> 90000 | I29: =SUMIFS(Assumptions!I$66:I$118,Assumptions!$F$66:$F$118,AssmStaffScenario,Assumptions!$G$66:$G$118,Calculations!$F29) -> 0 | J29: =SUMIFS(Assumptions!J$66:J$118,Assumptions!$F$66:$F$118,AssmStaffScenario,Assumptions!$G$66:$G$118,Calculations!$F29) -> 0 | K29: =SUMIFS(Assumptions!K$66:K$118,Assumptions!$F$66:$F$118,AssmStaffScenario,Assumptions!$G$66:$G$118,Calculations!$F29) -> 1 | L29: =SUMIFS(Assumptions!L$66:L$118,Assumptions!$F$66:$F$118,AssmStaffScenario,Assumptions!$G$66:$G$118,Calculations!$F29) -> 2 | M29: =SUMIFS(Assumptions!M$66:M$118,Assumptions!$F$66:$F$118,AssmStaffScenario,Assumptions!$G$66:$G$118,Calculations!$F29) -> 3 | N29: =SUMIFS(Assumptions!N$66:N$118,Assumptions!$F$66:$F$118,AssmStaffScenario,Assumptions!$G$66:$G$118,Calculations!$F29) -> 3 | O29: =SUMIFS(Assumptions!O$66:O$118,Assumptions!$F$66:$F$118,AssmStaffScenario,Assumptions!$G$66:$G$118,Calculations!$F29) -> 4 | P29: =SUMIFS(Assumptions!P$66:P$118,Assumptions!$F$66:$F$118,AssmStaffScenario,Assumptions!$G$66:$G$118,Calculations!$F29) -> 4 | ... BP29: =SUMIFS(Assumptions!BP$66:BP$118,Assumptions!$F$66:$F$118,AssmStaffScenario,Assumptions!$G$66:$G$118,Calculations!$F29) -> 31
F30: Graphic Designer | H30: =INDEX(tblStaff[Salary],MATCH(Calculations!F30,tblStaff[Staff],0)) -> 80000 | I30: =SUMIFS(Assumptions!I$66:I$118,Assumptions!$F$66:$F$118,AssmStaffScenario,Assumptions!$G$66:$G$118,Calculations!$F30) -> 0 | J30: =SUMIFS(Assumptions!J$66:J$118,Assumptions!$F$66:$F$118,AssmStaffScenario,Assumptions!$G$66:$G$118,Calculations!$F30) -> 0 | K30: =SUMIFS(Assumptions!K$66:K$118,Assumptions!$F$66:$F$118,AssmStaffScenario,Assumptions!$G$66:$G$118,Calculations!$F30) -> 1 | L30: =SUMIFS(Assumptions!L$66:L$118,Assumptions!$F$66:$F$118,AssmStaffScenario,Assumptions!$G$66:$G$118,Calculations!$F30) -> 1 | M30: =SUMIFS(Assumptions!M$66:M$118,Assumptions!$F$66:$F$118,AssmStaffScenario,Assumptions!$G$66:$G$118,Calculations!$F30) -> 1 | N30: =SUMIFS(Assumptions!N$66:N$118,Assumptions!$F$66:$F$118,AssmStaffScenario,Assumptions!$G$66:$G$118,Calculations!$F30) -> 1 | O30: =SUMIFS(Assumptions!O$66:O$118,Assumptions!$F$66:$F$118,AssmStaffScenario,Assumptions!$G$66:$G$118,Calculations!$F30) -> 2 | P30: =SUMIFS(Assumptions!P$66:P$118,Assumptions!$F$66:$F$118,AssmStaffScenario,Assumptions!$G$66:$G$118,Calculations!$F30) -> 2 | ... BP30: =SUMIFS(Assumptions!BP$66:BP$118,Assumptions!$F$66:$F$118,AssmStaffScenario,Assumptions!$G$66:$G$118,Calculations!$F30) -> 4
F31: Business Development Manager | H31: =INDEX(tblStaff[Salary],MATCH(Calculations!F31,tblStaff[Staff],0)) -> 120000 | I31: =SUMIFS(Assumptions!I$66:I$118,Assumptions!$F$66:$F$118,AssmStaffScenario,Assumptions!$G$66:$G$118,Calculations!$F31) -> 0.5 | J31: =SUMIFS(Assumptions!J$66:J$118,Assumptions!$F$66:$F$118,AssmStaffScenario,Assumptions!$G$66:$G$118,Calculations!$F31) -> 0.5 | K31: =SUMIFS(Assumptions!K$66:K$118,Assumptions!$F$66:$F$118,AssmStaffScenario,Assumptions!$G$66:$G$118,Calculations!$F31) -> 1 | L31: =SUMIFS(Assumptions!L$66:L$118,Assumptions!$F$66:$F$118,AssmStaffScenario,Assumptions!$G$66:$G$118,Calculations!$F31) -> 1 | M31: =SUMIFS(Assumptions!M$66:M$118,Assumptions!$F$66:$F$118,AssmStaffScenario,Assumptions!$G$66:$G$118,Calculations!$F31) -> 1 | N31: =SUMIFS(Assumptions!N$66:N$118,Assumptions!$F$66:$F$118,AssmStaffScenario,Assumptions!$G$66:$G$118,Calculations!$F31) -> 1 | O31: =SUMIFS(Assumptions!O$66:O$118,Assumptions!$F$66:$F$118,AssmStaffScenario,Assumptions!$G$66:$G$118,Calculations!$F31) -> 1 | P31: =SUMIFS(Assumptions!P$66:P$118,Assumptions!$F$66:$F$118,AssmStaffScenario,Assumptions!$G$66:$G$118,Calculations!$F31) -> 1 | ... BP31: =SUMIFS(Assumptions!BP$66:BP$118,Assumptions!$F$66:$F$118,AssmStaffScenario,Assumptions!$G$66:$G$118,Calculations!$F31) -> 1
F32: Salesperson | H32: =INDEX(tblStaff[Salary],MATCH(Calculations!F32,tblStaff[Staff],0)) -> 100000 | I32: =SUMIFS(Assumptions!I$66:I$118,Assumptions!$F$66:$F$118,AssmStaffScenario,Assumptions!$G$66:$G$118,Calculations!$F32) -> 0 | J32: =SUMIFS(Assumptions!J$66:J$118,Assumptions!$F$66:$F$118,AssmStaffScenario,Assumptions!$G$66:$G$118,Calculations!$F32) -> 0 | K32: =SUMIFS(Assumptions!K$66:K$118,Assumptions!$F$66:$F$118,AssmStaffScenario,Assumptions!$G$66:$G$118,Calculations!$F32) -> 0 | L32: =SUMIFS(Assumptions!L$66:L$118,Assumptions!$F$66:$F$118,AssmStaffScenario,Assumptions!$G$66:$G$118,Calculations!$F32) -> 0 | M32: =SUMIFS(Assumptions!M$66:M$118,Assumptions!$F$66:$F$118,AssmStaffScenario,Assumptions!$G$66:$G$118,Calculations!$F32) -> 0 | N32: =SUMIFS(Assumptions!N$66:N$118,Assumptions!$F$66:$F$118,AssmStaffScenario,Assumptions!$G$66:$G$118,Calculations!$F32) -> 1 | O32: =SUMIFS(Assumptions!O$66:O$118,Assumptions!$F$66:$F$118,AssmStaffScenario,Assumptions!$G$66:$G$118,Calculations!$F32) -> 1 | P32: =SUMIFS(Assumptions!P$66:P$118,Assumptions!$F$66:$F$118,AssmStaffScenario,Assumptions!$G$66:$G$118,Calculations!$F32) -> 1 | ... BP32: =SUMIFS(Assumptions!BP$66:BP$118,Assumptions!$F$66:$F$118,AssmStaffScenario,Assumptions!$G$66:$G$118,Calculations!$F32) -> 9
D34: Total Direct Staff Costs | I34: =SUMPRODUCT(I27:I32,$H$27:$H$32)/12 -> 5000 | J34: =SUMPRODUCT(J27:J32,$H$27:$H$32)/12 -> 15000 | K34: =SUMPRODUCT(K27:K32,$H$27:$H$32)/12 -> 42500 | L34: =SUMPRODUCT(L27:L32,$H$27:$H$32)/12 -> 58333.333 | M34: =SUMPRODUCT(M27:M32,$H$27:$H$32)/12 -> 65833.333 | N34: =SUMPRODUCT(N27:N32,$H$27:$H$32)/12 -> 82500 | O34: =SUMPRODUCT(O27:O32,$H$27:$H$32)/12 -> 105000 | P34: =SUMPRODUCT(P27:P32,$H$27:$H$32)/12 -> 105000 | ... BP34: =SUMPRODUCT(BP27:BP32,$H$27:$H$32)/12 -> 620833.33
D36: Other Direct Costs
E37: Sales & Marketing
F38: Marketing (% of Sales) | H38: Marketing | I38: =SUMIFS(INDEX(tblAnnualAssm[],,MATCH(TEXT(Calculations!I$8,"0"),tblAnnualAssm[#Headers],0)),tblAnnualAssm[Case],AssmBusinessCase,tblAnnualAssm[Input Type],$H38) -> 0.3 | J38: =SUMIFS(INDEX(tblAnnualAssm[],,MATCH(TEXT(Calculations!J$8,"0"),tblAnnualAssm[#Headers],0)),tblAnnualAssm[Case],AssmBusinessCase,tblAnnualAssm[Input Type],$H38) -> 0.3 | K38: =SUMIFS(INDEX(tblAnnualAssm[],,MATCH(TEXT(Calculations!K$8,"0"),tblAnnualAssm[#Headers],0)),tblAnnualAssm[Case],AssmBusinessCase,tblAnnualAssm[Input Type],$H38) -> 0.3 | L38: =SUMIFS(INDEX(tblAnnualAssm[],,MATCH(TEXT(Calculations!L$8,"0"),tblAnnualAssm[#Headers],0)),tblAnnualAssm[Case],AssmBusinessCase,tblAnnualAssm[Input Type],$H38) -> 0.3 | M38: =SUMIFS(INDEX(tblAnnualAssm[],,MATCH(TEXT(Calculations!M$8,"0"),tblAnnualAssm[#Headers],0)),tblAnnualAssm[Case],AssmBusinessCase,tblAnnualAssm[Input Type],$H38) -> 0.3 | N38: =SUMIFS(INDEX(tblAnnualAssm[],,MATCH(TEXT(Calculations!N$8,"0"),tblAnnualAssm[#Headers],0)),tblAnnualAssm[Case],AssmBusinessCase,tblAnnualAssm[Input Type],$H38) -> 0.3 | O38: =SUMIFS(INDEX(tblAnnualAssm[],,MATCH(TEXT(Calculations!O$8,"0"),tblAnnualAssm[#Headers],0)),tblAnnualAssm[Case],AssmBusinessCase,tblAnnualAssm[Input Type],$H38) -> 0.3 | P38: =SUMIFS(INDEX(tblAnnualAssm[],,MATCH(TEXT(Calculations!P$8,"0"),tblAnnualAssm[#Headers],0)),tblAnnualAssm[Case],AssmBusinessCase,tblAnnualAssm[Input Type],$H38) -> 0.3 | ... BP38: =SUMIFS(INDEX(tblAnnualAssm[],,MATCH(TEXT(Calculations!BP$8,"0"),tblAnnualAssm[#Headers],0)),tblAnnualAssm[Case],AssmBusinessCase,tblAnnualAssm[Input Type],$H38) -> 0.1
F39: Marketing costs | I39: =I38*I22 -> 774 | J39: =J38*J22 -> 1002 | K39: =K38*K22 -> 1296 | L39: =L38*L22 -> 1680 | M39: =M38*M22 -> 2178 | N39: =N38*N22 -> 2826 | O39: =O38*O22 -> 3660 | P39: =P38*P22 -> 4746 | ... BP39: =BP38*BP22 -> 4588161
E41: Total Sales & Marketing costs | I41: =I39 -> 774 | J41: =J39 -> 1002 | K41: =K39 -> 1296 | L41: =L39 -> 1680 | M41: =M39 -> 2178 | N41: =N39 -> 2826 | O41: =O39 -> 3660 | P41: =P39 -> 4746 | ... BP41: =BP39 -> 4588161
D43: Total Other Direct Costs | I43: =I41 -> 774 | J43: =J41 -> 1002 | K43: =K41 -> 1296 | L43: =L41 -> 1680 | M43: =M41 -> 2178 | N43: =N41 -> 2826 | O43: =O41 -> 3660 | P43: =P41 -> 4746 | ... BP43: =BP41 -> 4588161
C45: Total Direct Costs | I45: =I43+I34 -> 5774 | J45: =J43+J34 -> 16002 | K45: =K43+K34 -> 43796 | L45: =L43+L34 -> 60013.333 | M45: =M43+M34 -> 68011.333 | N45: =N43+N34 -> 85326 | O45: =O43+O34 -> 108660 | P45: =P43+P34 -> 109746 | ... BP45: =BP43+BP34 -> 5208994.3
C47: Gross Profit | I47: =I22-I45 -> -3194 | J47: =J22-J45 -> -12662 | K47: =K22-K45 -> -39476 | L47: =L22-L45 -> -54413.333 | M47: =M22-M45 -> -60751.333 | N47: =N22-N45 -> -75906 | O47: =O22-O45 -> -96460 | P47: =P22-P45 -> -93926 | ... BP47: =BP22-BP45 -> 40672616
C49: Indirect Costs
D51: Indirect Staff Costs
E52: Staff Numbers | H52: Annual Salary
F53: CEO | H53: =INDEX(tblStaff[Salary],MATCH(Calculations!F53,tblStaff[Staff],0)) -> 150000 | I53: =SUMIFS(Assumptions!I$66:I$118,Assumptions!$F$66:$F$118,AssmStaffScenario,Assumptions!$G$66:$G$118,Calculations!$F53) -> 1 | J53: =SUMIFS(Assumptions!J$66:J$118,Assumptions!$F$66:$F$118,AssmStaffScenario,Assumptions!$G$66:$G$118,Calculations!$F53) -> 1 | K53: =SUMIFS(Assumptions!K$66:K$118,Assumptions!$F$66:$F$118,AssmStaffScenario,Assumptions!$G$66:$G$118,Calculations!$F53) -> 1 | L53: =SUMIFS(Assumptions!L$66:L$118,Assumptions!$F$66:$F$118,AssmStaffScenario,Assumptions!$G$66:$G$118,Calculations!$F53) -> 1 | M53: =SUMIFS(Assumptions!M$66:M$118,Assumptions!$F$66:$F$118,AssmStaffScenario,Assumptions!$G$66:$G$118,Calculations!$F53) -> 1 | N53: =SUMIFS(Assumptions!N$66:N$118,Assumptions!$F$66:$F$118,AssmStaffScenario,Assumptions!$G$66:$G$118,Calculations!$F53) -> 1 | O53: =SUMIFS(Assumptions!O$66:O$118,Assumptions!$F$66:$F$118,AssmStaffScenario,Assumptions!$G$66:$G$118,Calculations!$F53) -> 1 | P53: =SUMIFS(Assumptions!P$66:P$118,Assumptions!$F$66:$F$118,AssmStaffScenario,Assumptions!$G$66:$G$118,Calculations!$F53) -> 1 | ... BP53: =SUMIFS(Assumptions!BP$66:BP$118,Assumptions!$F$66:$F$118,AssmStaffScenario,Assumptions!$G$66:$G$118,Calculations!$F53) -> 1
F54: Marketing Manager | H54: =INDEX(tblStaff[Salary],MATCH(Calculations!F54,tblStaff[Staff],0)) -> 80000 | I54: =SUMIFS(Assumptions!I$66:I$118,Assumptions!$F$66:$F$118,AssmStaffScenario,Assumptions!$G$66:$G$118,Calculations!$F54) -> 0 | J54: =SUMIFS(Assumptions!J$66:J$118,Assumptions!$F$66:$F$118,AssmStaffScenario,Assumptions!$G$66:$G$118,Calculations!$F54) -> 0 | K54: =SUMIFS(Assumptions!K$66:K$118,Assumptions!$F$66:$F$118,AssmStaffScenario,Assumptions!$G$66:$G$118,Calculations!$F54) -> 1 | L54: =SUMIFS(Assumptions!L$66:L$118,Assumptions!$F$66:$F$118,AssmStaffScenario,Assumptions!$G$66:$G$118,Calculations!$F54) -> 1 | M54: =SUMIFS(Assumptions!M$66:M$118,Assumptions!$F$66:$F$118,AssmStaffScenario,Assumptions!$G$66:$G$118,Calculations!$F54) -> 1 | N54: =SUMIFS(Assumptions!N$66:N$118,Assumptions!$F$66:$F$118,AssmStaffScenario,Assumptions!$G$66:$G$118,Calculations!$F54) -> 1 | O54: =SUMIFS(Assumptions!O$66:O$118,Assumptions!$F$66:$F$118,AssmStaffScenario,Assumptions!$G$66:$G$118,Calculations!$F54) -> 1 | P54: =SUMIFS(Assumptions!P$66:P$118,Assumptions!$F$66:$F$118,AssmStaffScenario,Assumptions!$G$66:$G$118,Calculations!$F54) -> 1 | ... BP54: =SUMIFS(Assumptions!BP$66:BP$118,Assumptions!$F$66:$F$118,AssmStaffScenario,Assumptions!$G$66:$G$118,Calculations!$F54) -> 1
F55: Marketing Assistant | H55: =INDEX(tblStaff[Salary],MATCH(Calculations!F55,tblStaff[Staff],0)) -> 60000 | I55: =SUMIFS(Assumptions!I$66:I$118,Assumptions!$F$66:$F$118,AssmStaffScenario,Assumptions!$G$66:$G$118,Calculations!$F55) -> 0 | J55: =SUMIFS(Assumptions!J$66:J$118,Assumptions!$F$66:$F$118,AssmStaffScenario,Assumptions!$G$66:$G$118,Calculations!$F55) -> 0 | K55: =SUMIFS(Assumptions!K$66:K$118,Assumptions!$F$66:$F$118,AssmStaffScenario,Assumptions!$G$66:$G$118,Calculations!$F55) -> 0 | L55: =SUMIFS(Assumptions!L$66:L$118,Assumptions!$F$66:$F$118,AssmStaffScenario,Assumptions!$G$66:$G$118,Calculations!$F55) -> 0 | M55: =SUMIFS(Assumptions!M$66:M$118,Assumptions!$F$66:$F$118,AssmStaffScenario,Assumptions!$G$66:$G$118,Calculations!$F55) -> 0 | N55: =SUMIFS(Assumptions!N$66:N$118,Assumptions!$F$66:$F$118,AssmStaffScenario,Assumptions!$G$66:$G$118,Calculations!$F55) -> 1 | O55: =SUMIFS(Assumptions!O$66:O$118,Assumptions!$F$66:$F$118,AssmStaffScenario,Assumptions!$G$66:$G$118,Calculations!$F55) -> 1 | P55: =SUMIFS(Assumptions!P$66:P$118,Assumptions!$F$66:$F$118,AssmStaffScenario,Assumptions!$G$66:$G$118,Calculations!$F55) -> 1 | ... BP55: =SUMIFS(Assumptions!BP$66:BP$118,Assumptions!$F$66:$F$118,AssmStaffScenario,Assumptions!$G$66:$G$118,Calculations!$F55) -> 4
F56: Office Manager | H56: =INDEX(tblStaff[Salary],MATCH(Calculations!F56,tblStaff[Staff],0)) -> 60000 | I56: =SUMIFS(Assumptions!I$66:I$118,Assumptions!$F$66:$F$118,AssmStaffScenario,Assumptions!$G$66:$G$118,Calculations!$F56) -> 0.2 | J56: =SUMIFS(Assumptions!J$66:J$118,Assumptions!$F$66:$F$118,AssmStaffScenario,Assumptions!$G$66:$G$118,Calculations!$F56) -> 0.2 | K56: =SUMIFS(Assumptions!K$66:K$118,Assumptions!$F$66:$F$118,AssmStaffScenario,Assumptions!$G$66:$G$118,Calculations!$F56) -> 0.5 | L56: =SUMIFS(Assumptions!L$66:L$118,Assumptions!$F$66:$F$118,AssmStaffScenario,Assumptions!$G$66:$G$118,Calculations!$F56) -> 1 | M56: =SUMIFS(Assumptions!M$66:M$118,Assumptions!$F$66:$F$118,AssmStaffScenario,Assumptions!$G$66:$G$118,Calculations!$F56) -> 1 | N56: =SUMIFS(Assumptions!N$66:N$118,Assumptions!$F$66:$F$118,AssmStaffScenario,Assumptions!$G$66:$G$118,Calculations!$F56) -> 1 | O56: =SUMIFS(Assumptions!O$66:O$118,Assumptions!$F$66:$F$118,AssmStaffScenario,Assumptions!$G$66:$G$118,Calculations!$F56) -> 1 | P56: =SUMIFS(Assumptions!P$66:P$118,Assumptions!$F$66:$F$118,AssmStaffScenario,Assumptions!$G$66:$G$118,Calculations!$F56) -> 1 | ... BP56: =SUMIFS(Assumptions!BP$66:BP$118,Assumptions!$F$66:$F$118,AssmStaffScenario,Assumptions!$G$66:$G$118,Calculations!$F56) -> 10
D58: Total Indirect Staff Costs | I58: =SUMPRODUCT(I53:I56,$H53:$H56)/12 -> 13500 | J58: =SUMPRODUCT(J53:J56,$H53:$H56)/12 -> 13500 | K58: =SUMPRODUCT(K53:K56,$H53:$H56)/12 -> 21666.667 | L58: =SUMPRODUCT(L53:L56,$H53:$H56)/12 -> 24166.667 | M58: =SUMPRODUCT(M53:M56,$H53:$H56)/12 -> 24166.667 | N58: =SUMPRODUCT(N53:N56,$H53:$H56)/12 -> 29166.667 | O58: =SUMPRODUCT(O53:O56,$H53:$H56)/12 -> 29166.667 | P58: =SUMPRODUCT(P53:P56,$H53:$H56)/12 -> 29166.667 | ... BP58: =SUMPRODUCT(BP53:BP56,$H53:$H56)/12 -> 89166.667
D60: Rent
E61: Rent per person per month | H61: Rent | I61: =SUMIFS(INDEX(tblAnnualAssm[],,MATCH(TEXT(Calculations!I$8,"0"),tblAnnualAssm[#Headers],0)),tblAnnualAssm[Case],AssmBusinessCase,tblAnnualAssm[Input Type],$H61) -> 600 | J61: =SUMIFS(INDEX(tblAnnualAssm[],,MATCH(TEXT(Calculations!J$8,"0"),tblAnnualAssm[#Headers],0)),tblAnnualAssm[Case],AssmBusinessCase,tblAnnualAssm[Input Type],$H61) -> 600 | K61: =SUMIFS(INDEX(tblAnnualAssm[],,MATCH(TEXT(Calculations!K$8,"0"),tblAnnualAssm[#Headers],0)),tblAnnualAssm[Case],AssmBusinessCase,tblAnnualAssm[Input Type],$H61) -> 600 | L61: =SUMIFS(INDEX(tblAnnualAssm[],,MATCH(TEXT(Calculations!L$8,"0"),tblAnnualAssm[#Headers],0)),tblAnnualAssm[Case],AssmBusinessCase,tblAnnualAssm[Input Type],$H61) -> 600 | M61: =SUMIFS(INDEX(tblAnnualAssm[],,MATCH(TEXT(Calculations!M$8,"0"),tblAnnualAssm[#Headers],0)),tblAnnualAssm[Case],AssmBusinessCase,tblAnnualAssm[Input Type],$H61) -> 600 | N61: =SUMIFS(INDEX(tblAnnualAssm[],,MATCH(TEXT(Calculations!N$8,"0"),tblAnnualAssm[#Headers],0)),tblAnnualAssm[Case],AssmBusinessCase,tblAnnualAssm[Input Type],$H61) -> 600 | O61: =SUMIFS(INDEX(tblAnnualAssm[],,MATCH(TEXT(Calculations!O$8,"0"),tblAnnualAssm[#Headers],0)),tblAnnualAssm[Case],AssmBusinessCase,tblAnnualAssm[Input Type],$H61) -> 600 | P61: =SUMIFS(INDEX(tblAnnualAssm[],,MATCH(TEXT(Calculations!P$8,"0"),tblAnnualAssm[#Headers],0)),tblAnnualAssm[Case],AssmBusinessCase,tblAnnualAssm[Input Type],$H61) -> 600 | ... BP61: =SUMIFS(INDEX(tblAnnualAssm[],,MATCH(TEXT(Calculations!BP$8,"0"),tblAnnualAssm[#Headers],0)),tblAnnualAssm[Case],AssmBusinessCase,tblAnnualAssm[Input Type],$H61) -> 700
E62: Total number of staff | I62: {=SUM(ROUNDUP(I27:I32,0))+SUM(ROUNDUP(I53:I56,0))} -> 3 | J62: {=SUM(ROUNDUP(J27:J32,0))+SUM(ROUNDUP(J53:J56,0))} -> 4 | K62: {=SUM(ROUNDUP(K27:K32,0))+SUM(ROUNDUP(K53:K56,0))} -> 8 | L62: {=SUM(ROUNDUP(L27:L32,0))+SUM(ROUNDUP(L53:L56,0))} -> 10 | M62: {=SUM(ROUNDUP(M27:M32,0))+SUM(ROUNDUP(M53:M56,0))} -> 11 | N62: {=SUM(ROUNDUP(N27:N32,0))+SUM(ROUNDUP(N53:N56,0))} -> 14 | O62: {=SUM(ROUNDUP(O27:O32,0))+SUM(ROUNDUP(O53:O56,0))} -> 17 | P62: {=SUM(ROUNDUP(P27:P32,0))+SUM(ROUNDUP(P53:P56,0))} -> 17 | ... BP62: {=SUM(ROUNDUP(BP27:BP32,0))+SUM(ROUNDUP(BP53:BP56,0))} -> 94
D63: Total Rent | I63: =I61*I62 -> 1800 | J63: =J61*J62 -> 2400 | K63: =K61*K62 -> 4800 | L63: =L61*L62 -> 6000 | M63: =M61*M62 -> 6600 | N63: =N61*N62 -> 8400 | O63: =O61*O62 -> 10200 | P63: =P61*P62 -> 10200 | ... BP63: =BP61*BP62 -> 65800
D65: Other Indirect Costs
E66: Legal fees | H66: =AssmLegal -> 600 | I66: =H66 -> 600 | J66: =I66 -> 600 | K66: =J66 -> 600 | L66: =K66 -> 600 | M66: =L66 -> 600 | N66: =M66 -> 600 | O66: =N66 -> 600 | P66: =O66 -> 600 | ... BP66: =BO66 -> 600
E67: Accounting & bookkeeping | H67: =AssmAccounting -> 200 | I67: =$H67*I$8 -> 200 | J67: =$H67*J$8 -> 200 | K67: =$H67*K$8 -> 200 | L67: =$H67*L$8 -> 200 | M67: =$H67*M$8 -> 200 | N67: =$H67*N$8 -> 200 | O67: =$H67*O$8 -> 200 | P67: =$H67*P$8 -> 200 | ... BP67: =$H67*BP$8 -> 1000
E68: IT Support | H68: =AssmIT -> 200 | I68: =$H68*I$8 -> 200 | J68: =$H68*J$8 -> 200 | K68: =$H68*K$8 -> 200 | L68: =$H68*L$8 -> 200 | M68: =$H68*M$8 -> 200 | N68: =$H68*N$8 -> 200 | O68: =$H68*O$8 -> 200 | P68: =$H68*P$8 -> 200 | ... BP68: =$H68*BP$8 -> 1000
E69: Bank fees | H69: =AssmBankFees -> 0.02 | I69: =$H69*I22 -> 51.6 | J69: =$H69*J22 -> 66.8 | K69: =$H69*K22 -> 86.4 | L69: =$H69*L22 -> 112 | M69: =$H69*M22 -> 145.2 | N69: =$H69*N22 -> 188.4 | O69: =$H69*O22 -> 244 | P69: =$H69*P22 -> 316.4 | ... BP69: =$H69*BP22 -> 917632.2
E70: Server hosting & data | H70: =AssmHosting -> 300 | I70: =$H70*I$8 -> 300 | J70: =$H70*J$8 -> 300 | K70: =$H70*K$8 -> 300 | L70: =$H70*L$8 -> 300 | M70: =$H70*M$8 -> 300 | N70: =$H70*N$8 -> 300 | O70: =$H70*O$8 -> 300 | P70: =$H70*P$8 -> 300 | ... BP70: =$H70*BP$8 -> 1500
E71: Office costs | H71: =AssmOffice -> 100 | I71: =$H71*SUM(I53:I56,I27:I32) -> 170 | J71: =$H71*SUM(J53:J56,J27:J32) -> 270 | K71: =$H71*SUM(K53:K56,K27:K32) -> 750 | L71: =$H71*SUM(L53:L56,L27:L32) -> 1000 | M71: =$H71*SUM(M53:M56,M27:M32) -> 1100 | N71: =$H71*SUM(N53:N56,N27:N32) -> 1400 | O71: =$H71*SUM(O53:O56,O27:O32) -> 1700 | P71: =$H71*SUM(P53:P56,P27:P32) -> 1700 | ... BP71: =$H71*SUM(BP53:BP56,BP27:BP32) -> 9400
E72: Telecommunications | H72: =AssmTelecom -> 50 | I72: =$H72*SUM(I53:I56,I27:I32) -> 85 | J72: =$H72*SUM(J53:J56,J27:J32) -> 135 | K72: =$H72*SUM(K53:K56,K27:K32) -> 375 | L72: =$H72*SUM(L53:L56,L27:L32) -> 500 | M72: =$H72*SUM(M53:M56,M27:M32) -> 550 | N72: =$H72*SUM(N53:N56,N27:N32) -> 700 | O72: =$H72*SUM(O53:O56,O27:O32) -> 850 | P72: =$H72*SUM(P53:P56,P27:P32) -> 850 | ... BP72: =$H72*SUM(BP53:BP56,BP27:BP32) -> 4700
E73: Other (contingency) | H73: =AssmContingency -> 0.1 | I73: =$H73*(SUM(I45,I63,I58,I66:I72)) -> 2268.06 | J73: =$H73*(SUM(J45,J63,J58,J66:J72)) -> 3367.38 | K73: =$H73*(SUM(K45,K63,K58,K66:K72)) -> 7277.4067 | L73: =$H73*(SUM(L45,L63,L58,L66:L72)) -> 9309.2 | M73: =$H73*(SUM(M45,M63,M58,M66:M72)) -> 10187.32 | N73: =$H73*(SUM(N45,N63,N58,N66:N72)) -> 12648.107 | O73: =$H73*(SUM(O45,O63,O58,O66:O72)) -> 15212.067 | P73: =$H73*(SUM(P45,P63,P58,P66:P72)) -> 15327.907 | ... BP73: =$H73*(SUM(BP45,BP63,BP58,BP66:BP72)) -> 629979.32
D75: Total Other Indirect Costs | I75: =SUM(I65:I74) -> 3874.66 | J75: =SUM(J65:J74) -> 5139.18 | K75: =SUM(K65:K74) -> 9788.8067 | L75: =SUM(L65:L74) -> 12221.2 | M75: =SUM(M65:M74) -> 13282.52 | N75: =SUM(N65:N74) -> 16236.507 | O75: =SUM(O65:O74) -> 19306.067 | P75: =SUM(P65:P74) -> 19494.307 | ... BP75: =SUM(BP65:BP74) -> 1565811.5
C77: Total Indirect Costs | I77: =SUMIFS(I52:I76,$D52:$D76,">""""") -> 19174.66 | J77: =SUMIFS(J52:J76,$D52:$D76,">""""") -> 21039.18 | K77: =SUMIFS(K52:K76,$D52:$D76,">""""") -> 36255.473 | L77: =SUMIFS(L52:L76,$D52:$D76,">""""") -> 42387.867 | M77: =SUMIFS(M52:M76,$D52:$D76,">""""") -> 44049.187 | N77: =SUMIFS(N52:N76,$D52:$D76,">""""") -> 53803.173 | O77: =SUMIFS(O52:O76,$D52:$D76,">""""") -> 58672.733 | P77: =SUMIFS(P52:P76,$D52:$D76,">""""") -> 58860.973 | ... BP77: =SUMIFS(BP52:BP76,$D52:$D76,">""""") -> 1720778.2
C79: EBITDA | I79: =I47-I77 -> -22368.66 | J79: =J47-J77 -> -33701.18 | K79: =K47-K77 -> -75731.473 | L79: =L47-L77 -> -96801.2 | M79: =M47-M77 -> -104800.52 | N79: =N47-N77 -> -129709.17 | O79: =O47-O77 -> -155132.73 | P79: =P47-P77 -> -152786.97 | ... BP79: =BP47-BP77 -> 38951837
D81: Depreciation Expense | I81: =I151 -> 141.66667 | J81: =J151 -> 225 | K81: =K151 -> 625 | L81: =L151 -> 833.33333 | M81: =M151 -> 916.66667 | N81: =N151 -> 1166.6667 | O81: =O151 -> 1416.6667 | P81: =P151 -> 1416.6667 | ... BP81: =BP151 -> 1.0231815e-12
C83: EBIT | I83: =I79-I81 -> -22510.327 | J83: =J79-J81 -> -33926.18 | K83: =K79-K81 -> -76356.473 | L83: =L79-L81 -> -97634.533 | M83: =M79-M81 -> -105717.19 | N83: =N79-N81 -> -130875.84 | O83: =O79-O81 -> -156549.4 | P83: =P79-P81 -> -154203.64 | ... BP83: =BP79-BP81 -> 38951837
D85: Interest Income | I85: =I224 -> 2848.6691 | J85: =J224 -> 2805.9424 | K85: =K224 -> 4102.1001 | L85: =L224 -> 5263.6332 | M85: =M224 -> 4890.3499 | N85: =N224 -> 4465.9025 | O85: =O224 -> 3962.6854 | P85: =P224 -> 3428.4516 | ... BP85: =BP224 -> 685488.53
D86: Interest Expense | I86: =ROUND(-I182,2) -> 0 | J86: =ROUND(-J182,2) -> 0 | K86: =ROUND(-K182,2) -> 0 | L86: =ROUND(-L182,2) -> 4166.67 | M86: =ROUND(-M182,2) -> 4059.15 | N86: =ROUND(-N182,2) -> 3951.18 | O86: =ROUND(-O182,2) -> 3842.77 | P86: =ROUND(-P182,2) -> 3733.9 | ... BP86: =ROUND(-BP182,2) -> 0
C88: EBT | I88: =I83+I85-I86 -> -19661.658 | J88: =J83+J85-J86 -> -31120.238 | K88: =K83+K85-K86 -> -72254.373 | L88: =L83+L85-L86 -> -96537.57 | M88: =M83+M85-M86 -> -104885.99 | N88: =N83+N85-N86 -> -130361.12 | O88: =O83+O85-O86 -> -156429.48 | P88: =P83+P85-P86 -> -154509.09 | ... BP88: =BP83+BP85-BP86 -> 39637326
D90: Tax expense | I90: =I161 -> 0 | J90: =J161 -> 0 | K90: =K161 -> 0 | L90: =L161 -> 0 | M90: =M161 -> 0 | N90: =N161 -> 0 | O90: =O161 -> 0 | P90: =P161 -> 0 | ... BP90: =BP161 -> 11891198
C92: NPAT | H92: =SUM(I92:BP92) -> 2.6453862e+08 | I92: =I88-I90 -> -19661.658 | J92: =J88-J90 -> -31120.238 | K92: =K88-K90 -> -72254.373 | L92: =L88-L90 -> -96537.57 | M92: =M88-M90 -> -104885.99 | N92: =N88-N90 -> -130361.12 | O92: =O88-O90 -> -156429.48 | P92: =P88-P90 -> -154509.09 | ... BP92: =BP88-BP90 -> 27746128
B95: Balance Sheet
C97: Assets
D98: Current Assets
E99: Cash | I99: =I230 -> 979535.2 | J99: =J230 -> 947345.5 | K99: =K230 -> 1869625.2 | L99: =L230 -> 1744986.9 | M99: =M230 -> 1613286.3 | N99: =N230 -> 1453512.8 | O99: =O230 -> 1267719.9 | P99: =P230 -> 1086646.8 | ... BP99: =BP230 -> 2.4848128e+08
E100: Debtors | I100: =I141 -> 1032 | J100: =J141 -> 1852 | K100: =K141 -> 2654 | L100: =L141 -> 3438 | M100: =M141 -> 4456 | N100: =N141 -> 5780 | O100: =O141 -> 7490 | P100: =P141 -> 9710 | ... BP100: =BP141 -> 30501120
D101: Total Current Assets | I101: =SUBTOTAL(9,I99:I100) -> 980567.2 | J101: =SUBTOTAL(9,J99:J100) -> 949197.5 | K101: =SUBTOTAL(9,K99:K100) -> 1872279.2 | L101: =SUBTOTAL(9,L99:L100) -> 1748424.9 | M101: =SUBTOTAL(9,M99:M100) -> 1617742.3 | N101: =SUBTOTAL(9,N99:N100) -> 1459292.8 | O101: =SUBTOTAL(9,O99:O100) -> 1275209.9 | P101: =SUBTOTAL(9,P99:P100) -> 1096356.8 | ... BP101: =SUBTOTAL(9,BP99:BP100) -> 2.789824e+08
D103: Non-Current Assets
E104: Plant & Equipment | I104: =I147 -> 3400 | J104: =J147 -> 5400 | K104: =K147 -> 15000 | L104: =L147 -> 20000 | M104: =M147 -> 22000 | N104: =N147 -> 28000 | O104: =O147 -> 34000 | P104: =P147 -> 34000 | ... BP104: =BP147 -> 188000
E105: Accumulated Depreciation | I105: =-I153 -> -141.66667 | J105: =-J153 -> -366.66667 | K105: =-K153 -> -991.66667 | L105: =-L153 -> -1825 | M105: =-M153 -> -2741.6667 | N105: =-N153 -> -3908.3333 | O105: =-O153 -> -5325 | P105: =-P153 -> -6741.6667 | ... BP105: =-BP153 -> -188000
E106: Written Down Value | I106: =SUBTOTAL(9,I104:I105) -> 3258.3333 | J106: =SUBTOTAL(9,J104:J105) -> 5033.3333 | K106: =SUBTOTAL(9,K104:K105) -> 14008.333 | L106: =SUBTOTAL(9,L104:L105) -> 18175 | M106: =SUBTOTAL(9,M104:M105) -> 19258.333 | N106: =SUBTOTAL(9,N104:N105) -> 24091.667 | O106: =SUBTOTAL(9,O104:O105) -> 28675 | P106: =SUBTOTAL(9,P104:P105) -> 27258.333 | ... BP106: =SUBTOTAL(9,BP104:BP105) -> 0
D107: Total Non-Current Assets | I107: =SUBTOTAL(9,I104:I106) -> 3258.3333 | J107: =SUBTOTAL(9,J104:J106) -> 5033.3333 | K107: =SUBTOTAL(9,K104:K106) -> 14008.333 | L107: =SUBTOTAL(9,L104:L106) -> 18175 | M107: =SUBTOTAL(9,M104:M106) -> 19258.333 | N107: =SUBTOTAL(9,N104:N106) -> 24091.667 | O107: =SUBTOTAL(9,O104:O106) -> 28675 | P107: =SUBTOTAL(9,P104:P106) -> 27258.333 | ... BP107: =SUBTOTAL(9,BP104:BP106) -> 0
C109: Total Assets | I109: =SUBTOTAL(9,I98:I108) -> 983825.54 | J109: =SUBTOTAL(9,J98:J108) -> 954230.83 | K109: =SUBTOTAL(9,K98:K108) -> 1886287.6 | L109: =SUBTOTAL(9,L98:L108) -> 1766599.9 | M109: =SUBTOTAL(9,M98:M108) -> 1637000.6 | N109: =SUBTOTAL(9,N98:N108) -> 1483384.5 | O109: =SUBTOTAL(9,O98:O108) -> 1303884.9 | P109: =SUBTOTAL(9,P98:P108) -> 1123615.1 | ... BP109: =SUBTOTAL(9,BP98:BP108) -> 2.789824e+08
C111: Liabilities
D112: Current Liabilities
E113: Creditors | I113: =I170 -> 3487.194 | J113: =J170 -> 5012.728 | K113: =K170 -> 9323.844 | L113: =L170 -> 11977.961 | M113: =M170 -> 13176.388 | N113: =N170 -> 15941.108 | O113: =O170 -> 18999.111 | P113: =P170 -> 19475.483 | ... BP113: =BP170 -> 1552585.6
E114: Provision for Income Tax | I114: =I176 -> 0 | J114: =J176 -> 0 | K114: =K176 -> 0 | L114: =L176 -> 0 | M114: =M176 -> 0 | N114: =N176 -> 0 | O114: =O176 -> 0 | P114: =P176 -> 0 | ... BP114: =BP176 -> 11891198
D115: Total Current Liabilities | I115: =SUBTOTAL(9,I113:I114) -> 3487.194 | J115: =SUBTOTAL(9,J113:J114) -> 5012.728 | K115: =SUBTOTAL(9,K113:K114) -> 9323.844 | L115: =SUBTOTAL(9,L113:L114) -> 11977.961 | M115: =SUBTOTAL(9,M113:M114) -> 13176.388 | N115: =SUBTOTAL(9,N113:N114) -> 15941.108 | O115: =SUBTOTAL(9,O113:O114) -> 18999.111 | P115: =SUBTOTAL(9,P113:P114) -> 19475.483 | ... BP115: =SUBTOTAL(9,BP113:BP114) -> 13443783
D117: Non-Current Liabilities
E118: Bank Loan | I118: =I184 -> 0 | J118: =J184 -> 0 | K118: =K184 -> 1000000 | L118: =L184 -> 974195.77 | M118: =M184 -> 948284.02 | N118: =N184 -> 922264.31 | O118: =O184 -> 896136.18 | P118: =P184 -> 869899.18 | ... BP118: =BP184 -> -2.5407501e-10
D119: Total Non-Current Liabilities | I119: =SUBTOTAL(9,I118) -> 0 | J119: =SUBTOTAL(9,J118) -> 0 | K119: =SUBTOTAL(9,K118) -> 1000000 | L119: =SUBTOTAL(9,L118) -> 974195.77 | M119: =SUBTOTAL(9,M118) -> 948284.02 | N119: =SUBTOTAL(9,N118) -> 922264.31 | O119: =SUBTOTAL(9,O118) -> 896136.18 | P119: =SUBTOTAL(9,P118) -> 869899.18 | ... BP119: =SUBTOTAL(9,BP118) -> -2.5407501e-10
C121: Total Liabilities | I121: =SUBTOTAL(9,I111:I120) -> 3487.194 | J121: =SUBTOTAL(9,J111:J120) -> 5012.728 | K121: =SUBTOTAL(9,K111:K120) -> 1009323.8 | L121: =SUBTOTAL(9,L111:L120) -> 986173.73 | M121: =SUBTOTAL(9,M111:M120) -> 961460.41 | N121: =SUBTOTAL(9,N111:N120) -> 938205.42 | O121: =SUBTOTAL(9,O111:O120) -> 915135.29 | P121: =SUBTOTAL(9,P111:P120) -> 889374.66 | ... BP121: =SUBTOTAL(9,BP111:BP120) -> 13443783
C123: Net Assets | I123: =I109-I121 -> 980338.34 | J123: =J109-J121 -> 949218.1 | K123: =K109-K121 -> 876963.73 | L123: =L109-L121 -> 780426.16 | M123: =M109-M121 -> 675540.17 | N123: =N109-N121 -> 545179.06 | O123: =O109-O121 -> 388749.57 | P123: =P109-P121 -> 234240.48 | ... BP123: =BP109-BP121 -> 2.6553862e+08
C125: Equity
D126: Shareholders' Equity | I126: =I195 -> 1000000 | J126: =J195 -> 1000000 | K126: =K195 -> 1000000 | L126: =L195 -> 1000000 | M126: =M195 -> 1000000 | N126: =N195 -> 1000000 | O126: =O195 -> 1000000 | P126: =P195 -> 1000000 | ... BP126: =BP195 -> 1000000
D127: Accumulated profits/(losses) | I127: =I201 -> -19661.658 | J127: =J201 -> -50781.895 | K127: =K201 -> -123036.27 | L127: =L201 -> -219573.84 | M127: =M201 -> -324459.83 | N127: =N201 -> -454820.94 | O127: =O201 -> -611250.43 | P127: =P201 -> -765759.52 | ... BP127: =BP201 -> 2.6453862e+08
C128: Total Equity | I128: =SUM(I126:I127) -> 980338.34 | J128: =SUM(J126:J127) -> 949218.1 | K128: =SUM(K126:K127) -> 876963.73 | L128: =SUM(L126:L127) -> 780426.16 | M128: =SUM(M126:M127) -> 675540.17 | N128: =SUM(N126:N127) -> 545179.06 | O128: =SUM(O126:O127) -> 388749.57 | P128: =SUM(P126:P127) -> 234240.48 | ... BP128: =SUM(BP126:BP127) -> 2.6553862e+08
C130: Check | H130: =COUNTIF(rngSource,"OK")=COUNTA(rngSource) -> TRUE | I130: =IF(ROUND(I123-I128,0)=0,"OK",I128-I123) -> OK | J130: =IF(ROUND(J123-J128,0)=0,"OK",J128-J123) -> OK | K130: =IF(ROUND(K123-K128,0)=0,"OK",K128-K123) -> OK | L130: =IF(ROUND(L123-L128,0)=0,"OK",L128-L123) -> OK | M130: =IF(ROUND(M123-M128,0)=0,"OK",M128-M123) -> OK | N130: =IF(ROUND(N123-N128,0)=0,"OK",N128-N123) -> OK | O130: =IF(ROUND(O123-O128,0)=0,"OK",O128-O123) -> OK | P130: =IF(ROUND(P123-P128,0)=0,"OK",P128-P123) -> OK | ... BP130: =IF(ROUND(BP123-BP128,0)=0,"OK",BP128-BP123) -> OK
C132: Balance Sheet Workings
D134: Debtors
E135: Opening Balance | H135: Month | I135: =H141 -> 0 | J135: =I141 -> 1032 | K135: =J141 -> 1852 | L135: =K141 -> 2654 | M135: =L141 -> 3438 | N135: =M141 -> 4456 | O135: =N141 -> 5780 | P135: =O141 -> 7490 | ... BP135: =BO141 -> 27753528
F136: Credit Sales | I136: =I22 -> 2580 | J136: =J22 -> 3340 | K136: =K22 -> 4320 | L136: =L22 -> 5600 | M136: =M22 -> 7260 | N136: =N22 -> 9420 | O136: =O22 -> 12200 | P136: =P22 -> 15820 | ... BP136: =BP22 -> 45881610
F137: Payments Received | H137: 0 | I137: =-I136*INDEX(tblDebtorCollection[%],MATCH(Calculations!$H137,tblDebtorCollection[Months],0)) -> -1548 | J137: =-J136*INDEX(tblDebtorCollection[%],MATCH(Calculations!$H137,tblDebtorCollection[Months],0)) -> -2004 | K137: =-K136*INDEX(tblDebtorCollection[%],MATCH(Calculations!$H137,tblDebtorCollection[Months],0)) -> -2592 | L137: =-L136*INDEX(tblDebtorCollection[%],MATCH(Calculations!$H137,tblDebtorCollection[Months],0)) -> -3360 | M137: =-M136*INDEX(tblDebtorCollection[%],MATCH(Calculations!$H137,tblDebtorCollection[Months],0)) -> -4356 | N137: =-N136*INDEX(tblDebtorCollection[%],MATCH(Calculations!$H137,tblDebtorCollection[Months],0)) -> -5652 | O137: =-O136*INDEX(tblDebtorCollection[%],MATCH(Calculations!$H137,tblDebtorCollection[Months],0)) -> -7320 | P137: =-P136*INDEX(tblDebtorCollection[%],MATCH(Calculations!$H137,tblDebtorCollection[Months],0)) -> -9492 | ... BP137: =-BP136*INDEX(tblDebtorCollection[%],MATCH(Calculations!$H137,tblDebtorCollection[Months],0)) -> -27528966
F138: Payments Received | H138: 1 | J138: =-I136*INDEX(tblDebtorCollection[%],MATCH(Calculations!$H138,tblDebtorCollection[Months],0)) -> -516 | K138: =-J136*INDEX(tblDebtorCollection[%],MATCH(Calculations!$H138,tblDebtorCollection[Months],0)) -> -668 | L138: =-K136*INDEX(tblDebtorCollection[%],MATCH(Calculations!$H138,tblDebtorCollection[Months],0)) -> -864 | M138: =-L136*INDEX(tblDebtorCollection[%],MATCH(Calculations!$H138,tblDebtorCollection[Months],0)) -> -1120 | N138: =-M136*INDEX(tblDebtorCollection[%],MATCH(Calculations!$H138,tblDebtorCollection[Months],0)) -> -1452 | O138: =-N136*INDEX(tblDebtorCollection[%],MATCH(Calculations!$H138,tblDebtorCollection[Months],0)) -> -1884 | P138: =-O136*INDEX(tblDebtorCollection[%],MATCH(Calculations!$H138,tblDebtorCollection[Months],0)) -> -2440 | Q138: =-P136*INDEX(tblDebtorCollection[%],MATCH(Calculations!$H138,tblDebtorCollection[Months],0)) -> -3164 | ... BP138: =-BO136*INDEX(tblDebtorCollection[%],MATCH(Calculations!$H138,tblDebtorCollection[Months],0)) -> -8349702
F139: Payments Received | H139: 2 | K139: =-I136*INDEX(tblDebtorCollection[%],MATCH(Calculations!$H139,tblDebtorCollection[Months],0)) -> -258 | L139: =-J136*INDEX(tblDebtorCollection[%],MATCH(Calculations!$H139,tblDebtorCollection[Months],0)) -> -334 | M139: =-K136*INDEX(tblDebtorCollection[%],MATCH(Calculations!$H139,tblDebtorCollection[Months],0)) -> -432 | N139: =-L136*INDEX(tblDebtorCollection[%],MATCH(Calculations!$H139,tblDebtorCollection[Months],0)) -> -560 | O139: =-M136*INDEX(tblDebtorCollection[%],MATCH(Calculations!$H139,tblDebtorCollection[Months],0)) -> -726 | P139: =-N136*INDEX(tblDebtorCollection[%],MATCH(Calculations!$H139,tblDebtorCollection[Months],0)) -> -942 | Q139: =-O136*INDEX(tblDebtorCollection[%],MATCH(Calculations!$H139,tblDebtorCollection[Months],0)) -> -1220 | R139: =-P136*INDEX(tblDebtorCollection[%],MATCH(Calculations!$H139,tblDebtorCollection[Months],0)) -> -1582 | ... BP139: =-BN136*INDEX(tblDebtorCollection[%],MATCH(Calculations!$H139,tblDebtorCollection[Months],0)) -> -3798774
...

Sheet Assumptions
B1: =AssmModelHeader -> Growth Startup (High)
B2: =RIGHT(CELL("filename",A1),LEN(CELL("filename",A1))-FIND("]",CELL("filename",A1))) -> Assumptions
A3: ToC
A4: =ErrChkOverall -> TRUE
D6: Overall Model Assumptions | G6: Range Name | H6: Value | I6: Units
E7: General Assumptions
E8: Model name | G8: AssmModelName | H8: Growth Startup | I8: Text
E9: Start Date | G9: AssmStartDate | H9: =DATE(YEAR(NOW())+1,1,1) -> 46388 | I9: Date
E10: Company Tax Rate | G10: AssmCoTaxRate | H10: 0.3 | I10: % | M10: Debtor Collection Assumptions
E11: Business Case | G11: AssmBusinessCase | H11: High | M11: Months | N11: %
E12: Staffing Scenario | G12: AssmStaffScenario | H12: Fast | M12: 0 | N12: 0.6
E13: Model Header | G13: AssmModelHeader | H13: =AssmModelName&" ("&AssmBusinessCase&")"&IF(ErrChkOverall,""," errors exist") -> Growth Startup (High) | M13: 1 | N13: 0.2
E14: Legal fees | G14: AssmLegal | H14: 600 | I14: per month | M14: 2 | N14: 0.1
E15: Accounting & bookkeeping | G15: AssmAccounting | H15: 200 | I15: per month (doubling every 12 months) | M15: 3 | N15: =1-SUM(N12:N14) -> 0.1
E16: IT Support | G16: AssmIT | H16: 200 | I16: per month (doubling every 12 months)
E17: Bank fees | G17: AssmBankFees | H17: 0.02 | I17: of revenue | M17: Creditor Payment Assumptions
E18: Server hosting & data | G18: AssmHosting | H18: 300 | I18: per month (doubling every 12 months) | M18: Months | N18: %
E19: Office costs | G19: AssmOffice | H19: 100 | I19: per full-time employee | M19: 0 | N19: 0.1
E20: Telecommunications | G20: AssmTelecom | H20: 50 | I20: per full-time employee | M20: 1 | N20: 0.8
E21: Other (contingency) | G21: AssmContingency | H21: 0.1 | I21: of total expenditure | M21: 2 | N21: 0.1
E22: Credit Interest Rate | G22: AssmCrInterest | H22: 0.035 | I22: % pa | M22: 3 | N22: =1-SUM(N19:N21) -> 0
E23: Laptop cost | G23: AssmLaptop | H23: 2000 | I23: $/person
E24: Laptop effective life | G24: AssmLaptopLife | H24: 24 | I24: months
E25: Bank Loan Amount | G25: AssmLoanAmt | H25: 1000000
E26: Bank Loan Term | G26: AssmLoanTerm | H26: 36 | I26: months
E27: Founder's Property Value | G27: AssmLoanSecurity | H27: 800000
E28: Bank Loan Interest Rate | G28: AssmDrInterest | H28: 0.05 | I28: % pa
E29: Bank Loan Commencement Date | G29: AssmLoanStart | H29: =EOMONTH(AssmStartDate,2) -> 46477 | I29: date
E30: Shareholders' funds | G30: AssmEquity | H30: 1000000
E31: Shareholders' funds contribution date | G31: AssmEquityDate | H31: =EOMONTH(AssmStartDate,0) -> 46418
E32: WACC | G32: AssmWACC | H32: 0.1
E33: Terminal Value Growth Rate | G33: AssmTVGrowthRate | H33: 0.02
D35: Annual Assumptions
E36: Key Inputs
F37: tblAnnualAssm | I37: Year
F38: Case | G38: Input Type | H38: Description | I38: 1 | J38: 2 | K38: 3 | L38: 4 | M38: 5
F39: Low | G39: CustomerNum | H39: =INDEX(tblInputType[Description],MATCH(tblAnnualAssm[[#This Row],[Input Type]],tblInputType[Input Type],0)) -> Customer # Growth Rate per Mth | I39: 0.2 | J39: 0.2 | K39: 0.1 | L39: 0.05 | M39: 0.05
F40: Base | G40: CustomerNum | H40: =INDEX(tblInputType[Description],MATCH(tblAnnualAssm[[#This Row],[Input Type]],tblInputType[Input Type],0)) -> Customer # Growth Rate per Mth | I40: 0.2 | J40: 0.25 | K40: 0.2 | L40: 0.1 | M40: 0.1
F41: High | G41: CustomerNum | H41: =INDEX(tblInputType[Description],MATCH(tblAnnualAssm[[#This Row],[Input Type]],tblInputType[Input Type],0)) -> Customer # Growth Rate per Mth | I41: 0.3 | J41: 0.3 | K41: 0.1 | L41: 0.1 | M41: 0.1
F42: Low | G42: AttritionRate | H42: =INDEX(tblInputType[Description],MATCH(tblAnnualAssm[[#This Row],[Input Type]],tblInputType[Input Type],0)) -> Attrition rate per year | I42: 0.01 | J42: 0.01 | K42: 0.01 | L42: 0.01 | M42: 0.01
F43: Base | G43: AttritionRate | H43: =INDEX(tblInputType[Description],MATCH(tblAnnualAssm[[#This Row],[Input Type]],tblInputType[Input Type],0)) -> Attrition rate per year | I43: 0.0075 | J43: 0.0075 | K43: 0.005 | L43: 0.005 | M43: 0.005
F44: High | G44: AttritionRate | H44: =INDEX(tblInputType[Description],MATCH(tblAnnualAssm[[#This Row],[Input Type]],tblInputType[Input Type],0)) -> Attrition rate per year | I44: 0.0025 | J44: 0.0015 | K44: 0.0015 | L44: 0.001 | M44: 0.001
F45: Low | G45: Price | H45: =INDEX(tblInputType[Description],MATCH(tblAnnualAssm[[#This Row],[Input Type]],tblInputType[Input Type],0)) -> $/month | I45: 20 | J45: 20 | K45: 19 | L45: 17 | M45: 15
F46: Base | G46: Price | H46: =INDEX(tblInputType[Description],MATCH(tblAnnualAssm[[#This Row],[Input Type]],tblInputType[Input Type],0)) -> $/month | I46: 20 | J46: 20 | K46: 20 | L46: 20 | M46: 20
F47: High | G47: Price | H47: =INDEX(tblInputType[Description],MATCH(tblAnnualAssm[[#This Row],[Input Type]],tblInputType[Input Type],0)) -> $/month | I47: 20 | J47: 20 | K47: 25 | L47: 25 | M47: 30
F48: Low | G48: Marketing | H48: =INDEX(tblInputType[Description],MATCH(tblAnnualAssm[[#This Row],[Input Type]],tblInputType[Input Type],0)) -> % of Sales | I48: 0.2 | J48: 0.1 | K48: 0.1 | L48: 0.05 | M48: 0.05
F49: Base | G49: Marketing | H49: =INDEX(tblInputType[Description],MATCH(tblAnnualAssm[[#This Row],[Input Type]],tblInputType[Input Type],0)) -> % of Sales | I49: 0.2 | J49: 0.15 | K49: 0.15 | L49: 0.1 | M49: 0.1
F50: High | G50: Marketing | H50: =INDEX(tblInputType[Description],MATCH(tblAnnualAssm[[#This Row],[Input Type]],tblInputType[Input Type],0)) -> % of Sales | I50: 0.3 | J50: 0.3 | K50: 0.1 | L50: 0.1 | M50: 0.1
... F53: High | G53: Rent | H53: =INDEX(tblInputType[Description],MATCH(tblAnnualAssm[[#This Row],[Input Type]],tblInputType[Input Type],0)) -> Rent per person per mth | I53: 600 | J53: 600 | K53: 700 | L53: 700 | M53: 700
D56: Monthly Assumptions
E57: Time Series
F58: Start of the month | I58: =AssmStartDate -> 46388 | J58: =DATE(YEAR(I58),MONTH(I58)+1,1) -> 46419 | K58: =DATE(YEAR(J58),MONTH(J58)+1,1) -> 46447 | L58: =DATE(YEAR(K58),MONTH(K58)+1,1) -> 46478 | M58: =DATE(YEAR(L58),MONTH(L58)+1,1) -> 46508 | N58: =DATE(YEAR(M58),MONTH(M58)+1,1) -> 46539 | O58: =DATE(YEAR(N58),MONTH(N58)+1,1) -> 46569 | P58: =DATE(YEAR(O58),MONTH(O58)+1,1) -> 46600 | Q58: =DATE(YEAR(P58),MONTH(P58)+1,1) -> 46631 | ... BP58: =DATE(YEAR(BO58),MONTH(BO58)+1,1) -> 48183
F59: End of the month | I59: =EOMONTH(AssmStartDate,0) -> 46418 | J59: =EOMONTH(I59,1) -> 46446 | K59: =EOMONTH(J59,1) -> 46477 | L59: =EOMONTH(K59,1) -> 46507 | M59: =EOMONTH(L59,1) -> 46538 | N59: =EOMONTH(M59,1) -> 46568 | O59: =EOMONTH(N59,1) -> 46599 | P59: =EOMONTH(O59,1) -> 46630 | Q59: =EOMONTH(P59,1) -> 46660 | ... BP59: =EOMONTH(BO59,1) -> 48213
F60: Month Number | I60: =H60+1 -> 1 | J60: =I60+1 -> 2 | K60: =J60+1 -> 3 | L60: =K60+1 -> 4 | M60: =L60+1 -> 5 | N60: =M60+1 -> 6 | O60: =N60+1 -> 7 | P60: =O60+1 -> 8 | ... BP60: =BO60+1 -> 60
F61: Year | I61: =YEAR(I59) -> 2027 | J61: =YEAR(J59) -> 2027 | K61: =YEAR(K59) -> 2027 | L61: =YEAR(L59) -> 2027 | M61: =YEAR(M59) -> 2027 | N61: =YEAR(N59) -> 2027 | O61: =YEAR(O59) -> 2027 | P61: =YEAR(P59) -> 2027 | ... BP61: =YEAR(BP59) -> 2031
F62: Year Number | I62: =ROUNDUP(I60/12,0) -> 1 | J62: =ROUNDUP(J60/12,0) -> 1 | K62: =ROUNDUP(K60/12,0) -> 1 | L62: =ROUNDUP(L60/12,0) -> 1 | M62: =ROUNDUP(M60/12,0) -> 1 | N62: =ROUNDUP(N60/12,0) -> 1 | O62: =ROUNDUP(O60/12,0) -> 1 | P62: =ROUNDUP(P60/12,0) -> 1 | ... BP62: =ROUNDUP(BP60/12,0) -> 5
E64: Staff Numbers
F65: Scenario | G65: Position | H65: Salary | I65: Number of Staff
F66: Base | G66: CTO | H66: =IFERROR(INDEX(tblStaff[Salary],MATCH(Assumptions!G66,tblStaff[Staff],0)),0) -> 120000 | I66: 0 | J66: 1 | K66: 1 | L66: 1 | M66: 1 | N66: 1 | O66: 1 | P66: 1 | Q66: 1 | R66: 1 | S66: 1 | T66: 1 | U66: 1 | V66: 1 | W66: 1 | X66: 1 | Y66: 1 | Z66: 1 | AA66: 1 | AB66: 1 | AC66: 1 | AD66: 1 | AE66: 1 | AF66: 1 | AG66: 1 | AH66: 1 | AI66: 1 | AJ66: 1 | AK66: 1 | AL66: 1 | AM66: 1 | AN66: 1 | AO66: 1 | AP66: 1 | AQ66: 1 | AR66: 1 | AS66: 1 | AT66: 1 | AU66: 1 | AV66: 1 | AW66: 1 | AX66: 1 | AY66: 1 | AZ66: 1 | BA66: 1 | BB66: 1 | BC66: 1 | BD66: 1 | BE66: 1 | BF66: 1 | BG66: 1 | BH66: 1 | BI66: 1 | BJ66: 1 | BK66: 1 | BL66: 1 | BM66: 1 | BN66: 1 | BO66: 1 | BP66: 1
F67: Base | G67: Senior Programmer | H67: =IFERROR(INDEX(tblStaff[Salary],MATCH(Assumptions!G67,tblStaff[Staff],0)),0) -> 100000 | Q67: 1 | R67: 1 | S67: 1 | T67: 2 | U67: 2 | V67: 3 | W67: 4 | X67: 4 | Y67: 4 | Z67: 5 | AA67: 5 | AB67: 5 | AC67: 6 | AD67: 6 | AE67: 6 | AF67: 7 | AG67: 7 | AH67: 7 | AI67: 8 | AJ67: 8 | AK67: 8 | AL67: 9 | AM67: 9 | AN67: 9 | AO67: 10 | AP67: 10 | AQ67: 10 | AR67: 10 | AS67: 11 | AT67: 11 | AU67: 12 | AV67: 12 | AW67: 13 | AX67: 13 | AY67: 14 | AZ67: 14 | BA67: 15 | BB67: 15 | BC67: 16 | BD67: 16 | BE67: 17 | BF67: 17 | BG67: 18 | BH67: 18 | BI67: 19 | BJ67: 19 | BK67: 20 | BL67: 20 | BM67: 20 | BN67: 20 | BO67: 20 | BP67: 20
F68: Base | G68: Programmer | H68: =IFERROR(INDEX(tblStaff[Salary],MATCH(Assumptions!G68,tblStaff[Staff],0)),0) -> 90000 | O68: 1 | P68: 1 | Q68: 1 | R68: 1 | S68: 1 | T68: 1 | U68: 2 | V68: 2 | W68: 2 | X68: 2 | Y68: 3 | Z68: 3 | AA68: 3 | AB68: 3 | AC68: 4 | AD68: 4 | AE68: 4 | AF68: 4 | AG68: 5 | AH68: 5 | AI68: 5 | AJ68: 5 | AK68: 6 | AL68: 6 | AM68: 6 | AN68: 6 | AO68: =AO67-2 -> 8 | AP68: =AP67-2 -> 8 | AQ68: =AQ67-2 -> 8 | AR68: =AR67-2 -> 8 | AS68: =AS67-2 -> 9 | AT68: =AT67-2 -> 9 | AU68: =AU67-2 -> 10 | AV68: =AV67-2 -> 10 | ... BP68: =BP67-2 -> 18
F69: Base | G69: Graphic Designer | H69: =IFERROR(INDEX(tblStaff[Salary],MATCH(Assumptions!G69,tblStaff[Staff],0)),0) -> 80000 | I69: 0.2 | J69: 0.2 | K69: 0.2 | L69: 0.5 | M69: 0.5 | N69: 1 | O69: 1 | P69: 2 | Q69: 2 | R69: 2 | S69: 2 | T69: 2 | U69: 2 | V69: 2 | W69: 2 | X69: 3 | Y69: 3 | Z69: 3 | AA69: 3 | AB69: 3 | AC69: 3 | AD69: 3 | AE69: 3 | AF69: 3 | AG69: 3 | AH69: 3 | AI69: 3 | AJ69: 3 | AK69: 4 | AL69: 4 | AM69: 4 | AN69: 4 | AO69: 4 | AP69: 4 | AQ69: 4 | AR69: 4 | AS69: =ROUNDDOWN(SUM(AS67:AS68)/4,0) -> 5 | AT69: =ROUNDDOWN(SUM(AT67:AT68)/4,0) -> 5 | AU69: =ROUNDDOWN(SUM(AU67:AU68)/4,0) -> 5 | AV69: =ROUNDDOWN(SUM(AV67:AV68)/4,0) -> 5 | AW69: =ROUNDDOWN(SUM(AW67:AW68)/4,0) -> 6 | AX69: =ROUNDDOWN(SUM(AX67:AX68)/4,0) -> 6 | AY69: =ROUNDDOWN(SUM(AY67:AY68)/4,0) -> 6 | AZ69: =ROUNDDOWN(SUM(AZ67:AZ68)/4,0) -> 6 | ... BP69: =ROUNDDOWN(SUM(BP67:BP68)/4,0) -> 9
F70: Base | G70: Business Development Manager | H70: =IFERROR(INDEX(tblStaff[Salary],MATCH(Assumptions!G70,tblStaff[Staff],0)),0) -> 120000 | I70: 0.5 | J70: 0.5 | K70: 0.5 | L70: 1 | M70: 1 | N70: 1 | O70: 1 | P70: 1 | Q70: 1 | R70: 1 | S70: 1 | T70: 1 | U70: 1 | V70: 1 | W70: 1 | X70: 1 | Y70: 1 | Z70: 1 | AA70: 1 | AB70: 1 | AC70: 1 | AD70: 1 | AE70: 1 | AF70: 1 | AG70: 1 | AH70: 1 | AI70: 1 | AJ70: 1 | AK70: 1 | AL70: 1 | AM70: 1 | AN70: 1 | AO70: 1 | AP70: 1 | AQ70: 1 | AR70: 1 | AS70: =ROUNDUP(AS71/5,0) -> 2 | AT70: =ROUNDUP(AT71/5,0) -> 2 | AU70: =ROUNDUP(AU71/5,0) -> 2 | AV70: =ROUNDUP(AV71/5,0) -> 2 | AW70: =ROUNDUP(AW71/5,0) -> 3 | AX70: =ROUNDUP(AX71/5,0) -> 3 | AY70: =ROUNDUP(AY71/5,0) -> 3 | AZ70: =ROUNDUP(AZ71/5,0) -> 3 | ... BP70: =ROUNDUP(BP71/5,0) -> 4
F71: Base | G71: Salesperson | H71: =IFERROR(INDEX(tblStaff[Salary],MATCH(Assumptions!G71,tblStaff[Staff],0)),0) -> 100000 | U71: 1 | V71: 1 | W71: 1 | X71: 1 | Y71: 1 | Z71: 1 | AA71: 1 | AB71: 1 | AC71: 2 | AD71: 2 | AE71: 2 | AF71: 3 | AG71: 3 | AH71: 3 | AI71: 4 | AJ71: 4 | AK71: 4 | AL71: 5 | AM71: 5 | AN71: 5 | AO71: 6 | AP71: 6 | AQ71: 6 | AR71: 6 | AS71: =AS68 -> 9 | AT71: =AT68 -> 9 | AU71: =AU68 -> 10 | AV71: =AV68 -> 10 | AW71: =AW68 -> 11 | AX71: =AX68 -> 11 | AY71: =AY68 -> 12 | AZ71: =AZ68 -> 12 | ... BP71: =BP68 -> 18
H72: =IFERROR(INDEX(tblStaff[Salary],MATCH(Assumptions!G72,tblStaff[Staff],0)),0) -> 0
F73: Base | G73: CEO | H73: =IFERROR(INDEX(tblStaff[Salary],MATCH(Assumptions!G73,tblStaff[Staff],0)),0) -> 150000 | I73: 0.5 | J73: 0.5 | K73: 0.5 | L73: 1 | M73: 1 | N73: 1 | O73: 1 | P73: 1 | Q73: 1 | R73: 1 | S73: 1 | T73: 1 | U73: 1 | V73: 1 | W73: 1 | X73: 1 | Y73: 1 | Z73: 1 | AA73: 1 | AB73: 1 | AC73: 1 | AD73: 1 | AE73: 1 | AF73: 1 | AG73: 1 | AH73: 1 | AI73: 1 | AJ73: 1 | AK73: 1 | AL73: 1 | AM73: 1 | AN73: 1 | AO73: 1 | AP73: 1 | AQ73: 1 | AR73: 1 | AS73: 1 | AT73: 1 | AU73: 1 | AV73: 1 | AW73: 1 | AX73: 1 | AY73: 1 | AZ73: 1 | BA73: 1 | BB73: 1 | BC73: 1 | BD73: 1 | BE73: 1 | BF73: 1 | BG73: 1 | BH73: 1 | BI73: 1 | BJ73: 1 | BK73: 1 | BL73: 1 | BM73: 1 | BN73: 1 | BO73: 1 | BP73: 1
F74: Base | G74: Marketing Manager | H74: =IFERROR(INDEX(tblStaff[Salary],MATCH(Assumptions!G74,tblStaff[Staff],0)),0) -> 80000 | L74: 0.5 | M74: 0.5 | N74: 0.5 | O74: 1 | P74: 1 | Q74: 1 | R74: 1 | S74: 1 | T74: 1 | U74: 1 | V74: 1 | W74: 1 | X74: 1 | Y74: 1 | Z74: 1 | AA74: 1 | AB74: 1 | AC74: 1 | AD74: 1 | AE74: 1 | AF74: 1 | AG74: 1 | AH74: 1 | AI74: 1 | AJ74: 1 | AK74: 1 | AL74: 1 | AM74: 1 | AN74: 1 | AO74: 1 | AP74: 1 | AQ74: 1 | AR74: 1 | AS74: 1 | AT74: 1 | AU74: 1 | AV74: 1 | AW74: 1 | AX74: 1 | AY74: 1 | AZ74: 1 | BA74: 1 | BB74: 1 | BC74: 1 | BD74: 1 | BE74: 1 | BF74: 1 | BG74: 1 | BH74: 1 | BI74: 1 | BJ74: 1 | BK74: 1 | BL74: 1 | BM74: 1 | BN74: 1 | BO74: 1 | BP74: 1
F75: Base | G75: Marketing Assistant | H75: =IFERROR(INDEX(tblStaff[Salary],MATCH(Assumptions!G75,tblStaff[Staff],0)),0) -> 60000 | Z75: 1 | AA75: 1 | AB75: 1 | AC75: 1 | AD75: 1 | AE75: 1 | AF75: 1 | AG75: 1 | AH75: 1 | AI75: 1 | AJ75: 1 | AK75: 1 | AL75: 1 | AM75: 1 | AN75: 1 | AO75: 1 | AP75: 1 | AQ75: 1 | AR75: 1 | AS75: =AS70 -> 2 | AT75: =AT70 -> 2 | AU75: =AU70 -> 2 | AV75: =AV70 -> 2 | AW75: =AW70 -> 3 | AX75: =AX70 -> 3 | AY75: =AY70 -> 3 | AZ75: =AZ70 -> 3 | ... BP75: =BP70 -> 4
F76: Base | G76: Office Manager | H76: =IFERROR(INDEX(tblStaff[Salary],MATCH(Assumptions!G76,tblStaff[Staff],0)),0) -> 60000 | I76: 0.2 | J76: 0.2 | K76: 0.2 | L76: 0.2 | M76: 0.2 | N76: 0.5 | O76: 0.5 | P76: 0.5 | Q76: 1 | R76: 1 | S76: 1 | T76: 2 | U76: 2 | V76: 2 | W76: 3 | X76: 3 | Y76: 3 | Z76: 4 | AA76: 4 | AB76: 4 | AC76: 4 | AD76: 4 | AE76: 4 | AF76: 4 | AG76: =ROUNDUP(SUM(AG66:AG75)/7,0) -> 4 | AH76: =ROUNDUP(SUM(AH66:AH75)/7,0) -> 4 | AI76: =ROUNDUP(SUM(AI66:AI75)/7,0) -> 4 | AJ76: =ROUNDUP(SUM(AJ66:AJ75)/7,0) -> 4 | AK76: =ROUNDUP(SUM(AK66:AK75)/7,0) -> 4 | AL76: =ROUNDUP(SUM(AL66:AL75)/7,0) -> 5 | AM76: =ROUNDUP(SUM(AM66:AM75)/7,0) -> 5 | AN76: =ROUNDUP(SUM(AN66:AN75)/7,0) -> 5 | ... BP76: =ROUNDUP(SUM(BP66:BP75)/7,0) -> 11
H77: =IFERROR(INDEX(tblStaff[Salary],MATCH(Assumptions!G77,tblStaff[Staff],0)),0) -> 0
H78: =IFERROR(INDEX(tblStaff[Salary],MATCH(Assumptions!G78,tblStaff[Staff],0)),0) -> 0
F79: Fast | G79: CTO | H79: =IFERROR(INDEX(tblStaff[Salary],MATCH(Assumptions!G79,tblStaff[Staff],0)),0) -> 120000 | I79: 0 | J79: 1 | K79: 1 | L79: 1 | M79: 1 | N79: 1 | O79: 1 | P79: 1 | Q79: 1 | R79: 1 | S79: 1 | T79: 1 | U79: 1 | V79: 1 | W79: 1 | X79: 1 | Y79: 1 | Z79: 1 | AA79: 1 | AB79: 1 | AC79: 1 | AD79: 1 | AE79: 1 | AF79: 1 | AG79: 1 | AH79: 1 | AI79: 1 | AJ79: 1 | AK79: 1 | AL79: 1 | AM79: 1 | AN79: 1 | AO79: 1 | AP79: 1 | AQ79: 1 | AR79: 1 | AS79: 1 | AT79: 1 | AU79: 1 | AV79: 1 | AW79: 1 | AX79: 1 | AY79: 1 | AZ79: 1 | BA79: 1 | BB79: 1 | BC79: 1 | BD79: 1 | BE79: 1 | BF79: 1 | BG79: 1 | BH79: 1 | BI79: 1 | BJ79: 1 | BK79: 1 | BL79: 1 | BM79: 1 | BN79: 1 | BO79: 1 | BP79: 1
F80: Fast | G80: Senior Programmer | H80: =IFERROR(INDEX(tblStaff[Salary],MATCH(Assumptions!G80,tblStaff[Staff],0)),0) -> 100000 | K80: 1 | L80: 2 | M80: 2 | N80: 3 | O80: 4 | P80: 4 | Q80: 5 | R80: 6 | S80: 7 | T80: 8 | U80: 9 | V80: 10 | W80: 11 | X80: 12 | Y80: 13 | Z80: 14 | AA80: 15 | AB80: 16 | AC80: 17 | AD80: 18 | AE80: 19 | AF80: 20 | AG80: 21 | AH80: 22 | AI80: 23 | AJ80: 24 | AK80: 25 | AL80: 26 | AM80: 27 | AN80: 28 | AO80: 29 | AP80: 30 | AQ80: 31 | AR80: 32 | AS80: 32 | AT80: 32 | AU80: 32 | AV80: 32 | AW80: 32 | AX80: 32 | AY80: 32 | AZ80: 32 | BA80: 32 | BB80: 32 | BC80: 32 | BD80: 32 | BE80: 32 | BF80: 32 | BG80: 32 | BH80: 32 | BI80: 32 | BJ80: 32 | BK80: 32 | BL80: 32 | BM80: 32 | BN80: 32 | BO80: 32 | BP80: 32
F81: Fast | G81: Programmer | H81: =IFERROR(INDEX(tblStaff[Salary],MATCH(Assumptions!G81,tblStaff[Staff],0)),0) -> 90000 | K81: 1 | L81: 2 | M81: 3 | N81: 3 | O81: 4 | P81: 4 | Q81: 5 | R81: 6 | S81: 6 | T81: 7 | U81: 8 | V81: 9 | W81: 10 | X81: 11 | Y81: 12 | Z81: 13 | AA81: 14 | AB81: 15 | AC81: 16 | AD81: 17 | AE81: 18 | AF81: 19 | AG81: 20 | AH81: 21 | AI81: 22 | AJ81: 23 | AK81: 24 | AL81: 25 | AM81: 26 | AN81: 27 | AO81: 28 | AP81: 29 | AQ81: 30 | AR81: 31 | AS81: 31 | AT81: 31 | AU81: 31 | AV81: 31 | AW81: 31 | AX81: 31 | AY81: 31 | AZ81: 31 | BA81: 31 | BB81: 31 | BC81: 31 | BD81: 31 | BE81: 31 | BF81: 31 | BG81: 31 | BH81: 31 | BI81: 31 | BJ81: 31 | BK81: 31 | BL81: 31 | BM81: 31 | BN81: 31 | BO81: 31 | BP81: 31
F82: Fast | G82: Graphic Designer | H82: =IFERROR(INDEX(tblStaff[Salary],MATCH(Assumptions!G82,tblStaff[Staff],0)),0) -> 80000 | K82: 1 | L82: 1 | M82: 1 | N82: 1 | O82: 2 | P82: 2 | Q82: 2 | R82: 2 | S82: 3 | T82: 3 | U82: 3 | V82: 3 | W82: 3 | X82: 3 | Y82: 3 | Z82: 3 | AA82: 3 | AB82: 3 | AC82: 3 | AD82: 3 | AE82: 3 | AF82: 4 | AG82: 4 | AH82: 4 | AI82: 4 | AJ82: 4 | AK82: 4 | AL82: 4 | AM82: 4 | AN82: 4 | AO82: 4 | AP82: 4 | AQ82: 4 | AR82: 4 | AS82: 4 | AT82: 4 | AU82: 4 | AV82: 4 | AW82: 4 | AX82: 4 | AY82: 4 | AZ82: 4 | BA82: 4 | BB82: 4 | BC82: 4 | BD82: 4 | BE82: 4 | BF82: 4 | BG82: 4 | BH82: 4 | BI82: 4 | BJ82: 4 | BK82: 4 | BL82: 4 | BM82: 4 | BN82: 4 | BO82: 4 | BP82: 4
F83: Fast | G83: Business Development Manager | H83: =IFERROR(INDEX(tblStaff[Salary],MATCH(Assumptions!G83,tblStaff[Staff],0)),0) -> 120000 | I83: 0.5 | J83: 0.5 | K83: 1 | L83: 1 | M83: 1 | N83: 1 | O83: 1 | P83: 1 | Q83: 1 | R83: 1 | S83: 1 | T83: 1 | U83: 1 | V83: 1 | W83: 1 | X83: 1 | Y83: 1 | Z83: 1 | AA83: 1 | AB83: 1 | AC83: 1 | AD83: 1 | AE83: 1 | AF83: 1 | AG83: 1 | AH83: 1 | AI83: 1 | AJ83: 1 | AK83: 1 | AL83: 1 | AM83: 1 | AN83: 1 | AO83: 1 | AP83: 1 | AQ83: 1 | AR83: 1 | AS83: 1 | AT83: 1 | AU83: 1 | AV83: 1 | AW83: 1 | AX83: 1 | AY83: 1 | AZ83: 1 | BA83: 1 | BB83: 1 | BC83: 1 | BD83: 1 | BE83: 1 | BF83: 1 | BG83: 1 | BH83: 1 | BI83: 1 | BJ83: 1 | BK83: 1 | BL83: 1 | BM83: 1 | BN83: 1 | BO83: 1 | BP83: 1
F84: Fast | G84: Salesperson | H84: =IFERROR(INDEX(tblStaff[Salary],MATCH(Assumptions!G84,tblStaff[Staff],0)),0) -> 100000 | N84: 1 | O84: 1 | P84: 1 | Q84: 1 | R84: 2 | S84: 2 | T84: 2 | U84: 2 | V84: 3 | W84: 3 | X84: 3 | Y84: 4 | Z84: 4 | AA84: 4 | AB84: 4 | AC84: 5 | AD84: 5 | AE84: 5 | AF84: 5 | AG84: 5 | AH84: 6 | AI84: 6 | AJ84: 6 | AK84: 6 | AL84: 7 | AM84: 7 | AN84: 7 | AO84: 8 | AP84: 8 | AQ84: 9 | AR84: 9 | AS84: 9 | AT84: 9 | AU84: 9 | AV84: 9 | AW84: 9 | AX84: 9 | AY84: 9 | AZ84: 9 | BA84: 9 | BB84: 9 | BC84: 9 | BD84: 9 | BE84: 9 | BF84: 9 | BG84: 9 | BH84: 9 | BI84: 9 | BJ84: 9 | BK84: 9 | BL84: 9 | BM84: 9 | BN84: 9 | BO84: 9 | BP84: 9
H85: =IFERROR(INDEX(tblStaff[Salary],MATCH(Assumptions!G85,tblStaff[Staff],0)),0) -> 0
F86: Fast | G86: CEO | H86: =IFERROR(INDEX(tblStaff[Salary],MATCH(Assumptions!G86,tblStaff[Staff],0)),0) -> 150000 | I86: 1 | J86: 1 | K86: 1 | L86: 1 | M86: 1 | N86: 1 | O86: 1 | P86: 1 | Q86: 1 | R86: 1 | S86: 1 | T86: 1 | U86: 1 | V86: 1 | W86: 1 | X86: 1 | Y86: 1 | Z86: 1 | AA86: 1 | AB86: 1 | AC86: 1 | AD86: 1 | AE86: 1 | AF86: 1 | AG86: 1 | AH86: 1 | AI86: 1 | AJ86: 1 | AK86: 1 | AL86: 1 | AM86: 1 | AN86: 1 | AO86: 1 | AP86: 1 | AQ86: 1 | AR86: 1 | AS86: 1 | AT86: 1 | AU86: 1 | AV86: 1 | AW86: 1 | AX86: 1 | AY86: 1 | AZ86: 1 | BA86: 1 | BB86: 1 | BC86: 1 | BD86: 1 | BE86: 1 | BF86: 1 | BG86: 1 | BH86: 1 | BI86: 1 | BJ86: 1 | BK86: 1 | BL86: 1 | BM86: 1 | BN86: 1 | BO86: 1 | BP86: 1
F87: Fast | G87: Marketing Manager | H87: =IFERROR(INDEX(tblStaff[Salary],MATCH(Assumptions!G87,tblStaff[Staff],0)),0) -> 80000 | K87: 1 | L87: 1 | M87: 1 | N87: 1 | O87: 1 | P87: 1 | Q87: 1 | R87: 1 | S87: 1 | T87: 1 | U87: 1 | V87: 1 | W87: 1 | X87: 1 | Y87: 1 | Z87: 1 | AA87: 1 | AB87: 1 | AC87: 1 | AD87: 1 | AE87: 1 | AF87: 1 | AG87: 1 | AH87: 1 | AI87: 1 | AJ87: 1 | AK87: 1 | AL87: 1 | AM87: 1 | AN87: 1 | AO87: 1 | AP87: 1 | AQ87: 1 | AR87: 1 | AS87: 1 | AT87: 1 | AU87: 1 | AV87: 1 | AW87: 1 | AX87: 1 | AY87: 1 | AZ87: 1 | BA87: 1 | BB87: 1 | BC87: 1 | BD87: 1 | BE87: 1 | BF87: 1 | BG87: 1 | BH87: 1 | BI87: 1 | BJ87: 1 | BK87: 1 | BL87: 1 | BM87: 1 | BN87: 1 | BO87: 1 | BP87: 1
F88: Fast | G88: Marketing Assistant | H88: =IFERROR(INDEX(tblStaff[Salary],MATCH(Assumptions!G88,tblStaff[Staff],0)),0) -> 60000 | N88: 1 | O88: 1 | P88: 1 | Q88: 1 | R88: 1 | S88: 2 | T88: 2 | U88: 2 | V88: 2 | W88: 2 | X88: 2 | Y88: 2 | Z88: 2 | AA88: 2 | AB88: 2 | AC88: 3 | AD88: 3 | AE88: 3 | AF88: 3 | AG88: 3 | AH88: 3 | AI88: 3 | AJ88: 3 | AK88: 4 | AL88: 4 | AM88: 4 | AN88: 4 | AO88: 4 | AP88: 4 | AQ88: 4 | AR88: 4 | AS88: 4 | AT88: 4 | AU88: 4 | AV88: 4 | AW88: 4 | AX88: 4 | AY88: 4 | AZ88: 4 | BA88: 4 | BB88: 4 | BC88: 4 | BD88: 4 | BE88: 4 | BF88: 4 | BG88: 4 | BH88: 4 | BI88: 4 | BJ88: 4 | BK88: 4 | BL88: 4 | BM88: 4 | BN88: 4 | BO88: 4 | BP88: 4
F89: Fast | G89: Office Manager | H89: =IFERROR(INDEX(tblStaff[Salary],MATCH(Assumptions!G89,tblStaff[Staff],0)),0) -> 60000 | I89: 0.2 | J89: 0.2 | K89: 0.5 | L89: 1 | M89: 1 | N89: 1 | O89: 1 | P89: 1 | Q89: 1 | R89: 1 | S89: 1 | T89: 2 | U89: 2 | V89: 2 | W89: 3 | X89: 3 | Y89: 3 | Z89: 4 | AA89: 4 | AB89: 4 | AC89: 5 | AD89: 5 | AE89: 5 | AF89: 6 | AG89: 6 | AH89: 6 | AI89: 7 | AJ89: 7 | AK89: 7 | AL89: 8 | AM89: 8 | AN89: 8 | AO89: 9 | AP89: 9 | AQ89: 9 | AR89: 10 | AS89: 10 | AT89: 10 | AU89: 10 | AV89: 10 | AW89: 10 | AX89: 10 | AY89: 10 | AZ89: 10 | BA89: 10 | BB89: 10 | BC89: 10 | BD89: 10 | BE89: 10 | BF89: 10 | BG89: 10 | BH89: 10 | BI89: 10 | BJ89: 10 | BK89: 10 | BL89: 10 | BM89: 10 | BN89: 10 | BO89: 10 | BP89: 10
H90: =IFERROR(INDEX(tblStaff[Salary],MATCH(Assumptions!G90,tblStaff[Staff],0)),0) -> 0
F91: Slow | G91: CTO | H91: =IFERROR(INDEX(tblStaff[Salary],MATCH(Assumptions!G91,tblStaff[Staff],0)),0) -> 120000 | I91: 0 | J91: 1 | K91: 1 | L91: 1 | M91: 1 | N91: 1 | O91: 1 | P91: 1 | Q91: 1 | R91: 1 | S91: 1 | T91: 1 | U91: 1 | V91: 1 | W91: 1 | X91: 1 | Y91: 1 | Z91: 1 | AA91: 1 | AB91: 1 | AC91: 1 | AD91: 1 | AE91: 1 | AF91: 1 | AG91: 1 | AH91: 1 | AI91: 1 | AJ91: 1 | AK91: 1 | AL91: 1 | AM91: 1 | AN91: 1 | AO91: 1 | AP91: 1 | AQ91: 1 | AR91: 1 | AS91: 1 | AT91: 1 | AU91: 1 | AV91: 1 | AW91: 1 | AX91: 1 | AY91: 1 | AZ91: 1 | BA91: 1 | BB91: 1 | BC91: 1 | BD91: 1 | BE91: 1 | BF91: 1 | BG91: 1 | BH91: 1 | BI91: 1 | BJ91: 1 | BK91: 1 | BL91: 1 | BM91: 1 | BN91: 1 | BO91: 1 | BP91: 1
F92: Slow | G92: Senior Programmer | H92: =IFERROR(INDEX(tblStaff[Salary],MATCH(Assumptions!G92,tblStaff[Staff],0)),0) -> 100000 | Z92: 1 | AA92: 1 | AB92: 1 | AC92: 1 | AD92: 1 | AE92: 1 | AF92: 1 | AG92: 2 | AH92: 2 | AI92: 2 | AJ92: 2 | AK92: 2 | AL92: 2 | AM92: 3 | AN92: 3 | AO92: 3 | AP92: 3 | AQ92: 3 | AR92: 3 | AS92: 4 | AT92: 4 | AU92: 4 | AV92: 4 | AW92: 4 | AX92: 4 | AY92: 5 | AZ92: 5 | BA92: 5 | BB92: 5 | BC92: 5 | BD92: 5 | BE92: 6 | BF92: 6 | BG92: 6 | BH92: 6 | BI92: 6 | BJ92: 6 | BK92: 7 | BL92: 7 | BM92: 7 | BN92: 7 | BO92: 7 | BP92: 7
F93: Slow | G93: Programmer | H93: =IFERROR(INDEX(tblStaff[Salary],MATCH(Assumptions!G93,tblStaff[Staff],0)),0) -> 90000 | O93: 1 | P93: 1 | Q93: 1 | R93: 2 | S93: 2 | T93: 2 | U93: 3 | V93: 3 | W93: 3 | X93: 3 | Y93: 3 | Z93: 3 | AA93: 4 | AB93: 4 | AC93: 4 | AD93: 4 | AE93: 4 | AF93: 4 | AG93: 5 | AH93: 5 | AI93: 5 | AJ93: 5 | AK93: 5 | AL93: 5 | AM93: 6 | AN93: 6 | AO93: 6 | AP93: 6 | AQ93: 6 | AR93: 6 | AS93: =AS92*2 -> 8 | AT93: =AT92*2 -> 8 | AU93: =AU92*2 -> 8 | AV93: =AV92*2 -> 8 | AW93: =AW92*2 -> 8 | AX93: =AX92*2 -> 8 | AY93: =AY92*2 -> 10 | AZ93: =AZ92*2 -> 10 | ... BP93: =BP92*2 -> 14
F94: Slow | G94: Graphic Designer | H94: =IFERROR(INDEX(tblStaff[Salary],MATCH(Assumptions!G94,tblStaff[Staff],0)),0) -> 80000 | I94: 0.2 | J94: 0.2 | K94: 0.2 | L94: 0.2 | M94: 0.2 | N94: 0.2 | O94: 0.2 | P94: 0.2 | Q94: 0.2 | R94: 0.2 | S94: 0.2 | T94: 0.2 | U94: 0.5 | V94: 0.5 | W94: 0.5 | X94: 0.5 | Y94: 0.5 | Z94: 0.5 | AA94: 1 | AB94: 1 | AC94: 1 | AD94: 1 | AE94: 1 | AF94: 1 | AG94: 2 | AH94: 2 | AI94: 2 | AJ94: 2 | AK94: 2 | AL94: 2 | AM94: 2 | AN94: 2 | AO94: 2 | AP94: 2 | AQ94: 2 | AR94: 2 | AS94: 2 | AT94: 2 | AU94: 2 | AV94: 2 | AW94: 2 | AX94: 2 | AY94: 2 | AZ94: 2 | BA94: 2 | BB94: 2 | BC94: 2 | BD94: 2 | BE94: 2 | BF94: 2 | BG94: 2 | BH94: 2 | BI94: 2 | BJ94: 2 | BK94: 2 | BL94: 2 | BM94: 2 | BN94: 2 | BO94: 2 | BP94: 2
F95: Slow | G95: Business Development Manager | H95: =IFERROR(INDEX(tblStaff[Salary],MATCH(Assumptions!G95,tblStaff[Staff],0)),0) -> 120000 | U95: 1 | V95: 1 | W95: 1 | X95: 1 | Y95: 1 | Z95: 1 | AA95: 1 | AB95: 1 | AC95: 1 | AD95: 1 | AE95: 1 | AF95: 1 | AG95: 1 | AH95: 1 | AI95: 1 | AJ95: 1 | AK95: 1 | AL95: 1 | AM95: 1 | AN95: 1 | AO95: 1 | AP95: 1 | AQ95: 1 | AR95: =AR92-1 -> 2 | AS95: =AS92-1 -> 3 | AT95: =AT92-1 -> 3 | AU95: =AU92-1 -> 3 | AV95: =AV92-1 -> 3 | AW95: =AW92-1 -> 3 | AX95: =AX92-1 -> 3 | AY95: =AY92-1 -> 4 | ... BP95: =BP92-1 -> 6
F96: Slow | G96: Salesperson | H96: =IFERROR(INDEX(tblStaff[Salary],MATCH(Assumptions!G96,tblStaff[Staff],0)),0) -> 100000 | Z96: 1 | AA96: 1 | AB96: 1 | AC96: 2 | AD96: 2 | AE96: 2 | AF96: 3 | AG96: 3 | AH96: 3 | AI96: 4 | AJ96: 4 | AK96: 4 | AL96: 5 | AM96: 5 | AN96: 5 | AO96: 6 | AP96: 6 | AQ96: 6 | AR96: =AR93 -> 6 | AS96: =AS93 -> 8 | AT96: =AT93 -> 8 | AU96: =AU93 -> 8 | AV96: =AV93 -> 8 | AW96: =AW93 -> 8 | AX96: =AX93 -> 8 | AY96: =AY93 -> 10 | ... BP96: =BP93 -> 14
H97: =IFERROR(INDEX(tblStaff[Salary],MATCH(Assumptions!G97,tblStaff[Staff],0)),0) -> 0
F98: Slow | G98: CEO | H98: =IFERROR(INDEX(tblStaff[Salary],MATCH(Assumptions!G98,tblStaff[Staff],0)),0) -> 150000 | I98: 0.5 | J98: 0.5 | K98: 0.5 | L98: 0.5 | M98: 0.5 | N98: 0.5 | O98: 0.5 | P98: 0.5 | Q98: 0.5 | R98: 0.5 | S98: 0.5 | T98: 1 | U98: 1 | V98: 1 | W98: 1 | X98: 1 | Y98: 1 | Z98: 1 | AA98: 1 | AB98: 1 | AC98: 1 | AD98: 1 | AE98: 1 | AF98: 1 | AG98: 1 | AH98: 1 | AI98: 1 | AJ98: 1 | AK98: 1 | AL98: 1 | AM98: 1 | AN98: 1 | AO98: 1 | AP98: 1 | AQ98: 1 | AR98: 1 | AS98: 1 | AT98: 1 | AU98: 1 | AV98: 1 | AW98: 1 | AX98: 1 | AY98: 1 | AZ98: 1 | BA98: 1 | BB98: 1 | BC98: 1 | BD98: 1 | BE98: 1 | BF98: 1 | BG98: 1 | BH98: 1 | BI98: 1 | BJ98: 1 | BK98: 1 | BL98: 1 | BM98: 1 | BN98: 1 | BO98: 1 | BP98: 1
F99: Slow | G99: Marketing Manager | H99: =IFERROR(INDEX(tblStaff[Salary],MATCH(Assumptions!G99,tblStaff[Staff],0)),0) -> 80000 | O99: 0.5 | P99: 0.5 | Q99: 0.5 | R99: 0.5 | S99: 0.5 | T99: 0.5 | U99: 1 | V99: 1 | W99: 1 | X99: 1 | Y99: 1 | Z99: 1 | AA99: 1 | AB99: 1 | AC99: 1 | AD99: 1 | AE99: 1 | AF99: 1 | AG99: 1 | AH99: 1 | AI99: 1 | AJ99: 1 | AK99: 1 | AL99: 1 | AM99: 1 | AN99: 1 | AO99: 1 | AP99: 1 | AQ99: 1 | AR99: 1 | AS99: 1 | AT99: 1 | AU99: 1 | AV99: 1 | AW99: 1 | AX99: 1 | AY99: 1 | AZ99: 1 | BA99: 1 | BB99: 1 | BC99: 1 | BD99: 1 | BE99: 1 | BF99: 1 | BG99: 1 | BH99: 1 | BI99: 1 | BJ99: 1 | BK99: 1 | BL99: 1 | BM99: 1 | BN99: 1 | BO99: 1 | BP99: 1
F100: Slow | G100: Marketing Assistant | H100: =IFERROR(INDEX(tblStaff[Salary],MATCH(Assumptions!G100,tblStaff[Staff],0)),0) -> 60000 | Z100: 1 | AA100: 1 | AB100: 1 | AC100: 1 | AD100: 1 | AE100: 1 | AF100: 1 | AG100: 1 | AH100: 1 | AI100: 1 | AJ100: 1 | AK100: 1 | AL100: 1 | AM100: 1 | AN100: 1 | AO100: 1 | AP100: 1 | AQ100: 1 | AR100: 1 | AS100: 2 | AT100: 2 | AU100: 2 | AV100: 2 | AW100: 2 | AX100: 2 | AY100: 2 | AZ100: 2 | BA100: 2 | BB100: 2 | BC100: 2 | BD100: 2 | BE100: 3 | BF100: 3 | BG100: 3 | BH100: 3 | BI100: 3 | BJ100: 3 | BK100: 3 | BL100: 3 | BM100: 3 | BN100: 3 | BO100: 3 | BP100: 3
F101: Slow | G101: Office Manager | H101: =IFERROR(INDEX(tblStaff[Salary],MATCH(Assumptions!G101,tblStaff[Staff],0)),0) -> 60000 | K101: 0.25 | L101: 0.25 | M101: 0.25 | N101: 0.25 | O101: 0.5 | P101: 0.5 | Q101: 0.5 | R101: 0.5 | S101: 0.5 | T101: 0.5 | U101: 1 | V101: 1 | W101: 1 | X101: 1 | Y101: 1 | Z101: 1 | AA101: 1 | AB101: 1 | AC101: 1 | AD101: 1 | AE101: 1 | AF101: 1 | AG101: =ROUNDUP(SUM(AG91:AG100)/9,0) -> 2 | AH101: =ROUNDUP(SUM(AH91:AH100)/9,0) -> 2 | AI101: =ROUNDUP(SUM(AI91:AI100)/9,0) -> 2 | AJ101: =ROUNDUP(SUM(AJ91:AJ100)/9,0) -> 2 | AK101: =ROUNDUP(SUM(AK91:AK100)/9,0) -> 2 | AL101: =ROUNDUP(SUM(AL91:AL100)/9,0) -> 3 | AM101: =ROUNDUP(SUM(AM91:AM100)/9,0) -> 3 | AN101: =ROUNDUP(SUM(AN91:AN100)/9,0) -> 3 | ... BP101: =ROUNDUP(SUM(BP91:BP100)/9,0) -> 6
H102: =IFERROR(INDEX(tblStaff[Salary],MATCH(Assumptions!G102,tblStaff[Staff],0)),0) -> 0
F103: Gradual | G103: CTO | H103: =IFERROR(INDEX(tblStaff[Salary],MATCH(Assumptions!G103,tblStaff[Staff],0)),0) -> 120000 | I103: 0 | J103: 1 | K103: 1 | L103: 1 | M103: 1 | N103: 1 | O103: 1 | P103: 1 | Q103: 1 | R103: 1 | S103: 1 | T103: 1 | U103: 1 | V103: 1 | W103: 1 | X103: 1 | Y103: 1 | Z103: 1 | AA103: 1 | AB103: 1 | AC103: 1 | AD103: 1 | AE103: 1 | AF103: 1 | AG103: 1 | AH103: 1 | AI103: 1 | AJ103: 1 | AK103: 1 | AL103: 1 | AM103: 1 | AN103: 1 | AO103: 1 | AP103: 1 | AQ103: 1 | AR103: 1 | AS103: 1 | AT103: 1 | AU103: 1 | AV103: 1 | AW103: 1 | AX103: 1 | AY103: 1 | AZ103: 1 | BA103: 1 | BB103: 1 | BC103: 1 | BD103: 1 | BE103: 1 | BF103: 1 | BG103: 1 | BH103: 1 | BI103: 1 | BJ103: 1 | BK103: 1 | BL103: 1 | BM103: 1 | BN103: 1 | BO103: 1 | BP103: 1
F104: Gradual | G104: Senior Programmer | H104: =IFERROR(INDEX(tblStaff[Salary],MATCH(Assumptions!G104,tblStaff[Staff],0)),0) -> 100000 | U104: 1 | V104: 1 | W104: 1 | X104: 1 | Y104: 1 | Z104: 1 | AA104: 1 | AB104: 1 | AC104: 1 | AD104: 1 | AE104: 1 | AF104: 1 | AG104: 2 | AH104: 2 | AI104: 2 | AJ104: 2 | AK104: 2 | AL104: 2 | AM104: 3 | AN104: 3 | AO104: 3 | AP104: 3 | AQ104: 3 | AR104: 3 | AS104: 4 | AT104: 4 | AU104: 4 | AV104: 4 | AW104: 4 | AX104: 4 | AY104: 5 | AZ104: 5 | BA104: 5 | BB104: 5 | BC104: 5 | BD104: 5 | BE104: 6 | BF104: 6 | BG104: 6 | BH104: 6 | BI104: 6 | BJ104: 6 | BK104: 7 | BL104: 7 | BM104: 7 | BN104: 7 | BO104: 7 | BP104: 7
F105: Gradual | G105: Programmer | H105: =IFERROR(INDEX(tblStaff[Salary],MATCH(Assumptions!G105,tblStaff[Staff],0)),0) -> 90000 | P105: 1 | Q105: 1 | R105: 1 | S105: 1 | T105: 1 | U105: 2 | V105: 2 | W105: 2 | X105: 2 | Y105: 2 | Z105: 2 | AA105: 2 | AB105: 2 | AC105: 2 | AD105: 2 | AE105: 2 | AF105: 2 | AG105: 4 | AH105: 4 | AI105: 4 | AJ105: 4 | AK105: 4 | AL105: 5 | AM105: 5 | AN105: 5 | AO105: 5 | AP105: 5 | AQ105: 5 | AR105: 5 | AS105: 6 | AT105: 6 | AU105: 7 | AV105: 7 | AW105: =AW104*2 -> 8 | AX105: =AX104*2 -> 8 | AY105: 9 | AZ105: 9 | BA105: =BA104*2 -> 10 | BB105: =BB104*2 -> 10 | BC105: =BC104*2 -> 10 | BD105: =BD104*2 -> 10 | BE105: =BE104*2 -> 12 | BF105: =BF104*2 -> 12 | BG105: =BG104*2 -> 12 | BH105: =BH104*2 -> 12 | ... BP105: =BP104*2 -> 14
F106: Gradual | G106: Graphic Designer | H106: =IFERROR(INDEX(tblStaff[Salary],MATCH(Assumptions!G106,tblStaff[Staff],0)),0) -> 80000 | I106: 0.1 | J106: 0.1 | K106: 0.1 | L106: 0.1 | M106: 0.1 | N106: 0.1 | O106: 0.1 | P106: 0.2 | Q106: 0.2 | R106: 0.2 | S106: 0.2 | T106: 0.2 | U106: 0.5 | V106: 0.5 | W106: 0.5 | X106: 0.5 | Y106: 0.5 | Z106: 0.5 | AA106: 1 | AB106: 1 | AC106: 1 | AD106: 1 | AE106: 1 | AF106: 1 | AG106: 2 | AH106: 2 | AI106: 2 | AJ106: 2 | AK106: 2 | AL106: 2 | AM106: 2 | AN106: 2 | AO106: 2 | AP106: 2 | AQ106: 2 | AR106: 2 | AS106: 2 | AT106: 2 | AU106: 2 | AV106: 2 | AW106: 2 | AX106: 2 | AY106: 2 | AZ106: 2 | BA106: 2 | BB106: 2 | BC106: 2 | BD106: 2 | BE106: 2 | BF106: 2 | BG106: 2 | BH106: 2 | BI106: 2 | BJ106: 2 | BK106: 2 | BL106: 2 | BM106: 2 | BN106: 2 | BO106: 2 | BP106: 2
F107: Gradual | G107: Business Development Manager | H107: =IFERROR(INDEX(tblStaff[Salary],MATCH(Assumptions!G107,tblStaff[Staff],0)),0) -> 120000 | Z107: 1 | AA107: 1 | AB107: 1 | AC107: 1 | AD107: 1 | AE107: 1 | AF107: 1 | AG107: 1 | AH107: 1 | AI107: 1 | AJ107: 1 | AK107: 1 | AL107: 1 | AM107: 1 | AN107: 1 | AO107: 1 | AP107: 1 | AQ107: 1 | AR107: =AR104-1 -> 2 | AS107: =AS104-1 -> 3 | AT107: =AT104-1 -> 3 | AU107: =AU104-1 -> 3 | AV107: =AV104-1 -> 3 | AW107: =AW104-1 -> 3 | AX107: =AX104-1 -> 3 | AY107: =AY104-1 -> 4 | ... BP107: =BP104-1 -> 6
...

Sheet Tables
B1: =AssmModelHeader -> Growth Startup (High)
B2: Reference Tables
A3: ToC
A4: =ErrChkOverall -> TRUE
B6: refCaseNames
B7: Case | C7: Starting Customers
B8: Low | C8: 30
B9: Base | C9: 50
B10: High | C10: 100
B12: tblInputType
B13: Input Type | C13: Description
B14: CustomerNum | C14: Customer # Growth Rate per Mth
B15: AttritionRate | C15: Attrition rate per year
B16: Price | C16: $/month
B17: Marketing | C17: % of Sales
B18: Rent | C18: Rent per person per mth
B20: refStaffScenario
B21: Staffing Scenario
B22: Gradual
B23: Slow
B24: Base
B25: Fast
B27: refStaffPositions
B28: Staff | C28: Salary
B29: CTO | C29: 120000
B30: Senior Programmer | C30: 100000
B31: Programmer | C31: 90000
B32: Graphic Designer | C32: 80000
B33: Business Development Manager | C33: 120000
B34: Salesperson | C34: 100000
B35: CEO | C35: 150000
B36: Marketing Manager | C36: 80000
B37: Marketing Assistant | C37: 60000
B38: Office Manager | C38: 60000

Sheet Format Conventions
B1: =AssmModelHeader -> Growth Startup (High)
B2: Modelling Conventions
A3: ToC
B6: Styles and Conventions used in this Model
C8: Data Entry | D8: Data entry cell
C9: Calculation | D9: Calculation
C10: Error | D10: Error message - Error
C11: OK | D11: Error message - OK
C12: RangeName | D12: Name of named range
C13: Hyperlink | D13: Hyperlink
C15: Heading 1 | D15: Heading level 1
C16: Heading 2 | D16: Heading level 2
C17: Heading 3 | D17: Heading level 3

Sheet Structure
B1: =AssmModelHeader -> Growth Startup (High)
B2: File Structure
A3: ToC

Sheet Guidance
B1: =AssmModelHeader -> Growth Startup (High)
B2: Guidance
A3: ToC
B5: Model Details
B6: Author: | C6: Jeff Robson
B7: Contact: | C7: +61 8 6210 8500
B8: Date: | C8: 42846
B9: Version: | C9: 1
B10: Owner: | C10: M Owner
B12: Model Purpose & Overview

Sheet ToDo
B1: =AssmModelHeader -> Growth Startup (High)
B2: ToDo List
A3: ToC
B5: Date | C5: Description | D5: Assigned to | E5: Completed by | F5: Completed On
B6: =TODAY() -> 46269 | C6: Resolve balance sheet issue | D6: J Robson

Sheet Change Log
B1: =AssmModelHeader -> Growth Startup (High)
B2: Change Log
A3: ToC
B5: Date | C5: Description | D5: Version | E5: Changed by | F5: Checked by
B6: =TODAY()-30 -> 46239 | C6: Completed initial model | D6: 1 | E6: J Robson | F6: M Odel
B7: =TODAY()-10 -> 46259 | C7: Added documentation | D7: 1.01 | E7: J Robson | F7: G S Lowe

Sheet _APIConfig
B1: =AssmModelHeader -> Growth Startup (High)
B2: AccessEXL Config
A3: ToC
B4: APIConfigTable
B5: RangeName | C5: Current Value | D5: Direction | E5: Type | F5: Min | G5: Max | H5: ValidationRangeName | I5: Description | J5: Display Name
B6: AssmBusinessCase | C6: {=INDIRECT(APIConfigTable[[#This Row],[RangeName]])} -> High | D6: Write | E6: Text | H6: refCaseNames | I6: Business case scenarios | J6: Business Case
B7: AssmStaffScenario | C7: {=INDIRECT(APIConfigTable[[#This Row],[RangeName]])} -> Fast | D7: Write | E7: Text | H7: refStaffScenario | I7: Staffing scenarios | J7: Staffing Ramp up Speed
B8: AssmLoanAmt | C8: {=INDIRECT(APIConfigTable[[#This Row],[RangeName]])} -> 1000000 | D8: Write | E8: Number | F8: 0 | G8: 10000000 | I8: P&I debt funding amount | J8: Loan Amount
B9: AssmDrInterest | C9: {=INDIRECT(APIConfigTable[[#This Row],[RangeName]])} -> 0.05 | D9: Write | E9: Number | F9: 0 | G9: 0.15 | I9: Loan Interest rate | J9: Loan Interest rate
B10: AssmWACC | C10: {=INDIRECT(APIConfigTable[[#This Row],[RangeName]])} -> 0.1 | D10: Write | E10: Number | F10: 0 | G10: 0.3 | I10: WACC | J10: Weighted Average Cost of Capital
B11: V_NPV | C11: {=INDIRECT(APIConfigTable[[#This Row],[RangeName]])} -> 3.586123e+08 | D11: Read | E11: Number | I11: NPV | J11: Net Present Value
B12: V_IRR | C12: {=INDIRECT(APIConfigTable[[#This Row],[RangeName]])} -> 3.7125932 | D12: Read | E12: Number | I12: IRR | J12: Internal Rate of Return
B13: V_CashFlow | C13: {=INDIRECT(APIConfigTable[[#This Row],[RangeName]])} -> 2.4848128e+08 | D13: Read | E13: Number | I13: Total of all Cash Flows | J13: Total of all Cash Flows
B14: V_NPATperYr | C14: {=INDIRECT(APIConfigTable[[#This Row],[RangeName]])} -> #VALUE! | D14: Read | E14: Number | I14: NPAT per year | J14: Net profit after tax per year
